 Dungeon Crawl Stone Soup version 0.18-a0-1655-ge2d8d33 (webtiles) character file.

9723031 srt19170 the Annihilator (level 27, 248/248 (249) HPs)
             Began as a Demonspawn Ice Elementalist on Feb 22, 2016.
             Was the Champion of Vehumet.
             Escaped with the Orb
             ... and 15 runes on Mar 31, 2016!
             The game lasted 1 day 17:48:56 (184445 turns).

srt19170 the Annihilator (DsIE)               Turns: 184445, Time: 1 , 17:48:56

HP:   248/248 (249) AC: 58    Str: 14    XL:     27
MP:   55/63         EV: 15    Int: 41    God:    Vehumet [******]
Gold: 15956         SH: 29    Dex: 19    Spells: 16 memorised, 3 levels left

rFire  + + .     SeeInvis .     b - staff of conjuration
rCold  + + .     Gourm    .     m - +15 gold dragon armour "Rukk" {rElec rPois rF+ rC+}
rNeg   + + +     Faith    .     i - +4 large shield of Egalitarianism {*Contam MP+9 Int+8 Dex-2}
rPois  +         Spirit   .     (helmet unavailable)
rElec  +         Dismiss  .     t - +0 cloak of the Failed Coup {rElec Int+5 Dex+4}
rCorr  .         Reflect  .     y - +0 pair of gloves "Puduq" {*Contam rF++ Dex+4}
SustAt .         Harm     .     L - +2 pair of boots of the Assassin {DetectMon Stab+ Stlth++}
MR     +++++     Clarity  +     I - amulet of the Four Winds {rN+ MR+++ Clar}
Stlth  ++........               p - ring of Yjefi {Wiz rPois rC- rN+}
                                Z - ring "Utehez" {Ice Fragile +Fly rN+ Str+3 Slay+2}

@: almost entirely resistant to hostile enchantments, unstealthy
A: horns 3, iridescent scales 3, cold resistance 1, demonic guardian 3, passive
freeze, powered by death 3, freezing cloud immunity
a: Renounce Religion, Evoke Flight
0: Orb of Zot
}: 15/15 runes: decaying, serpentine, slimy, silver, golden, iron, obsidian,
icy, bone, abyssal, demonic, glowing, magical, fiery, dark


You escaped.
You worshipped Vehumet.
Vehumet was exalted by your worship.
You were not hungry.

You visited 18 branches of the dungeon, and saw 93 of its levels.
You visited Pandemonium 8 times, and saw 36 of its levels.
You visited the Abyss 16 times.
You visited 1 bazaar.
You completed 2 ziggurats, and saw 54 of their levels.
You also visited: Labyrinth and Trove.

You collected 21459 gold pieces.
You spent 5503 gold pieces at shops.

Inventory:

Hand Weapons
 a - a +9 eveningstar of flaming
 X - the +11 morningstar "Eos" {elec, -Tele rElec SInv}
   (You found it on level 19 of a ziggurat)

   Occasionally, upon striking a foe, it will discharge some electrical energy
   and cause terrible harm.
   It insulates you from electricity.
   It lets you see invisible.
   It prevents most forms of teleportation.
Armour
 h - a +8 large shield of reflection
 i - the +4 large shield of Egalitarianism (worn) {*Contam MP+9 Int+8 Dex-2}
   (You acquired it on level 1 of the Lair of Beasts)

   It affects your intelligence (+8).
   It affects your dexterity (-2).
   It affects your magic capacity (+9).
   It causes magical contamination when unequipped.
 m - the +15 gold dragon armour "Rukk" (worn) {rElec rPois rF+ rC+}
   (You found it on level 24 of a ziggurat)

   It protects you from fire.
   It protects you from cold.
   It insulates you from electricity.
   It protects you from poison.
 n - the +3 plate armour "Omefenimp" {rCorr Int+5 Dex+3}
   (You found it on level 7 of Tartarus)

   It affects your intelligence (+5).
   It affects your dexterity (+3).
   It protects you from acid and corrosion.
 t - the +0 cloak of the Failed Coup (worn) {rElec Int+5 Dex+4}
   (You found it on level 3 of the Snake Pit)

   It affects your intelligence (+5).
   It affects your dexterity (+4).
   It insulates you from electricity.
 y - the +0 pair of gloves "Puduq" (worn) {*Contam rF++ Dex+4}
   (You found it on level 3 of the Elven Halls)

   It affects your dexterity (+4).
   It greatly protects you from fire.
   It causes magical contamination when unequipped.
 L - the +2 pair of boots of the Assassin (worn) {DetectMon Stab+ Stlth++}
   (You bought it in a shop on level 5 of the Vaults)

   It makes you much more stealthy.
Magical Staves
 b - an uncursed staff of conjuration (weapon)
Jewellery
 o - the amulet "Muaxt" {Reflect +Fly MR+ Str+4 SH+6}
   (You found it in Pandemonium)

   [amulet of reflection]

   It shields you and reflects attacks.
   It affects your strength (+4).
   It affects your resistance to hostile enchantments.
   It lets you fly.
   It affects your SH (+6).
 p - the ring of Yjefi (right hand) {Wiz rPois rC- rN+}
   (You found it on level 26 of a ziggurat)

   [ring of wizardry]

   It improves your spell success rate.
   It makes you vulnerable to cold.
   It protects you from poison.
   It protects you from negative energy.
 u - an uncursed ring of sustain attributes
 w - the ring "Viecouhu" {rPois rN++ Str+4 Int+2}
   (You found it on level 21 of a ziggurat)

   [ring of intelligence]

   It affects your strength (+4).
   It affects your intelligence (+2).
   It protects you from poison.
   It greatly protects you from negative energy.
 C - the ring of Robustness {AC+8}
   (You found it on level 20 of a ziggurat)

   [ring of protection]

   It affects your AC (+8).
 I - the amulet of the Four Winds (around neck) {rN+ MR+++ Clar}
   (You found it on level 20 of a ziggurat)

   [amulet of nothing]

   It protects you from negative energy.
   It affects your resistance to hostile enchantments.
   It protects you against confusion.
 N - the ring of Waedadgh {rPois Int+3 Slay+2 SInv}
   (You found it on level 24 of a ziggurat)

   [ring of poison resistance]

   It affects your intelligence (+3).
   It affects your accuracy and damage with ranged weapons and melee attacks
   (+2).
   It protects you from poison.
   It lets you see invisible.
 R - the ring of Dywusmun {rC+ AC+3 Int+2}
   (You found it on level 13 of a ziggurat)

   [ring of protection]

   It affects your AC (+3).
   It affects your intelligence (+2).
   It protects you from cold.
 Z - the ring "Utehez" (left hand) {Ice Fragile +Fly rN+ Str+3 Slay+2}
   (You found it on level 13 of the Dungeon)

   [ring of ice]

   It enhances your ice magic, and weakens your fire magic.
   It affects your strength (+3).
   It affects your accuracy and damage with ranged weapons and melee attacks
   (+2).
   It makes you vulnerable to fire.
   It protects you from cold.
   It protects you from negative energy.
   It lets you fly.
   It will be destroyed if unequipped.
Wands
 g - a wand of heal wounds (9/9)
 z - a wand of digging (11/24)
 B - a wand of hasting (7/9)
 E - a wand of disintegration (21/24)
 F - a wand of teleportation (5/9)
Scrolls
 d - 43 scrolls of remove curse
 e - 20 scrolls of blinking
 q - 45 scrolls of teleportation
 v - 16 scrolls of identify
 J - 21 scrolls of recharging
Potions
 j - 3 potions of heal wounds
 K - 23 potions of cure mutation
 M - a potion of haste
 P - 19 potions of curing
 T - a potion of magic
 U - 2 potions of resistance
 W - 4 potions of might
 Y - 3 potions of cancellation
Miscellaneous
 f - the horn of Geryon
 k - a stone of tremors
 r - a figurine of a ziggurat
 x - 4 phantom mirrors
 A - a disc of storms
 D - a legendary deck of escape {the Tomb}
 G - a lamp of fire
 Q - a crystal ball of energy
Comestibles
 c - 17 bread rations
 s - 17 royal jellies


   Skills:
 O Level 27 Fighting
 O Level 27 Maces & Flails
 O Level 27 Armour
 O Level 27 Dodging
 - Level 25.4 Stealth
 O Level 27 Shields
 O Level 27 Spellcasting
 O Level 27 Conjurations
 - Level 13.0 Hexes
 - Level 4.0 Charms
 + Level 15.9 Translocations
   Level 12.3 Transmutations
 O Level 27 Fire Magic
 O Level 27 Ice Magic
 - Level 9.5 Air Magic
 - Level 16.0 Earth Magic
 - Level 13.9 Evocations


You had 3 spell levels left.
You knew the following spells:

 Your Spells              Type           Power        Failure   Level  Hunger
a - Freeze                Ice            ####         0%          1    None
b - Shroud of Golubria    Chrm/Tloc      #######...   1%          2    None
c - Throw Icicle          Conj/Ice       ########     0%          4    None
d - Ozocubu's Refrigerat  Ice            #########.   1%          6    None
e - Blink                 Tloc           N/A          0%          2    None
f - Freezing Cloud        Conj/Ice/Air   #########.   1%          6    None
g - Iron Shot             Conj/Erth      ########..   1%          6    None
h - Fireball              Conj/Fire      ########..   0%          5    None
i - Glaciate              Conj/Ice       #########.   3%          9    None
j - Fire Storm            Conj/Fire      ########..   3%          9    None
k - Orb of Destruction    Conj           #########.   1%          7    None
l - Silence               Hex/Air        #######...   1%          5    None
m - Ring of Flames        Chrm/Fire      ######....   4%          7    None
n - Delayed Fireball      Conj/Fire      N/A          1%          7    None
o - Lee's Rapid Deconstr  Erth           ########..   1%          5    None
p - Summon Butterflies    Summ           ######..     4%          1    None


Dungeon Overview and Level Annotations

Branches:
Dungeon (15/15)            Temple (1/1) D:5            Lair (8/8) D:11
  Swamp (4/4) Lair:6        Snake (4/4) Lair:6        Slime (6/6) Lair:7
    Orc (2/2) D:12            Elf (3/3) Orc:2        Vaults (5/5) D:14
  Crypt (3/3) Vaults:3       Tomb (3/3) Crypt:3      Depths (5/5) D:15
   Hell (1/1)                 Dis (7/7) Hell            Geh (7/7) Hell
    Coc (7/7) Hell            Tar (7/7) Hell            Zot (5/5) Depths:5

Altars:
Ashenzari
Cheibriados
Dithmenos
Elyvilon
Fedhas
Gozag
Kikubaaqudgha
Makhleb
Nemelex Xobeh
Okawaru
Pakellas
Qazlal
Ru
Sif Muna
Trog
Vehumet
Xom
Yredelemnul
Zin
The Shining One
Jiyva

Shops:
D:5 [   D:7 ?   Orc:2 :?[*   Snake:1 (   Snake:2 *   Vaults:4 *   Vaults:5 !=[!
Depths:4 *

Portals:
Hell: Depths:1 Depths:2 Depths:3 Depths:4 Depths:5
Abyss: Depths:1 Depths:2 Depths:3 Depths:4
Pandemonium: Depths:3

Annotations:
D:3 Edmund
Elf:2 5 runed doors


Innate Abilities, Weirdness & Mutations

You have a pair of large horns on your head.
You are completely covered in iridescent scales (AC +8).
Your flesh is cold resistant.
A powerful demonic guardian rushes to your aid.
A frigid envelope surrounds you and freezes all who hurt you.
You regenerate a lot of health from kills.
You are immune to freezing clouds.


Message History

There is a stone staircase leading up here.
Awua hits your reaper but does no damage.
Your reaper hits Awua but does no damage.
You climb upwards.
There is a stone staircase leading down here.
You feel less regenerative.
An ice devil comes into view.
Casting: Glaciate
Confirm with . or Enter, or press ? or * to list all spells.
Aiming: Fire Storm
Press: ? - help, Dir - move target cursor, f - ice devil
Aim: an ice devil A raging storm of fire appears!
The great blast of fire engulfs the ice devil.
The ice devil is burned terribly!
You kill the ice devil!
Vehumet accepts your kill.
You feel your power returning.
There is a staircase leading out of the dungeon here.
You have escaped!

#.#######...######.##....# #.....
..#................##..#.###.....
.................................
.##...............###.######.....
.########...####### #.# #..... .#
#.....# ### #.# ###### .# #.....#
#.# #.# .# #..vvv###.# #.#
######## .#
##...ยง.##@####.####......#
.###### #...####.##......#.####.#
......###...####.####.##.#.####.#
......##.....##..#.##.##.#.#.....
..###.###........#.##.........#.#
...##.###..#.##..#[#####.#.##....
.................#.#####.#.......
.####.######.###........>##......
......# ###.###...#######..#....


There were no monsters in sight!

Vanquished Creatures
  Cerebov (Pan)
  Antaeus (Coc:7)
  Asmodeus (Geh:7)
  the Royal Jelly (Slime:6)
  Ereshkigal (Tar:7)
  Gloorx Vloq (Pan)
  A seraph (Pan)
  the Serpent of Hell (Coc:7)
  The ghost of Herrn the Axe Maniac, a legendary FoFi of Cheibriados (Zig:26)
  Lom Lobon (Pan)
  Mnoleg (Pan)
  15 orbs of fire
  Dispater (Dis:7)
  15 ancient liches
  Mara (Vaults:3)
  Mennas (Pan)
  41 pandemonium lords
  18 juggernauts
  40 greater mummies
  Boris (twice) (Vaults:3 Tomb:1)
  8 iron giants
  7 shard shrikes
  A curse toe (Zot:5)
  10 Killer Klowns
  Geryon (Hell)
  7 caustic shrikes
  Frederick (Vaults:3)
  33 golden dragons
  31 bone dragons
  5 profane servitors
  2 pearl dragons (Pan)
  30 liches
  The ghost of clown the Devastator, an adept DsFE of Vehumet (Vaults:1)
  42 Brimstone Fiends
  29 tentacled monstrosities
  4 electric golems
  7 doom hounds
  27 Orb Guardians
  The ghost of ZeroCool the Executioner, an adept MiBe of Trog (Depths:2)
  A shard shrike skeleton (Crypt:2)
  31 Hell Sentinels
  4 hellephants (Zig:18)
  40 Ice Fiends
  11 titans
  20 quicksilver dragons
  2 deep elf blademasters (Elf:3)
  45 Tzitzimimeh
  A deep elf master archer (Elf:3)
  The ghost of Arkorax the Elven Blade, an adept HEBe of Trog (Pan)
  16 ancient champions
  59 Executioners
  3 death cobs
  21 sphinxes
  2 eldritch tentacles
  30 acid blobs
  59 tentacled starspawn
  8 shadow dragons
  5 thorn hunters
  19 storm dragons
  14 draconian monks
  110 greater nagas
  An azure jelly (shapeshifter) (Zig:17)
  24 fire giants
  10 tengu reavers
  18 daevas
  15 revenants
  Maud (Orc:2)
  16 azure jellies
  28 vault wardens
  A frost giant (shapeshifter) (Zig:17)
  Wiglaf (Snake:2)
  49 cacodemons
  Donald (Snake:2)
  17 draconian knights
  11 draconian scorchers
  7 deep elf sorcerers
  7 emperor scorpions
  A ghost moth (shapeshifter) (Depths:2)
  23 ghost moths
  Louise (Swamp:2)
  17 frost giants
  8 curse skulls
  18 draconian shifters
  70 balrugs
  34 orc warlords
  29 angels
  29 warmongers
  4 deep elf elementalists
  39 stone giants
  17 draconian zealots
  3 caustic shrike zombies
  5 ghouls
  3 spriggan defenders
  7 iron dragons
  23 draconian annihilators
  31 very ugly things
  2 caustic shrike skeletons
  21 ironheart preservers
  15 ophanim
  94 reapers
  10 draconian callers
  An apis (shapeshifter) (Zig:17)
  37 blood saints
  14 green draconians
  20 war gargoyles
  13 black draconians
  7 elemental wellsprings
  13 purple draconians
  25 apis (Pan)
  47 lorocyprocas
  36 vampire knights
  24 corrupters
  3 spark wasps
  12 bennus
  21 red draconians
  18 white draconians
  12 deep elf demonologists
  30 chaos champions
  15 salamander stormcallers
  9 dire elephants
  A spark wasp (shapeshifter) (Depths:2)
  A dire elephant (shapeshifter) (Zig:17)
  21 black suns
  12 yellow draconians
  6 mottled draconians
  15 deep elf annihilators
  A crystal guardian (Depths:2)
  70 blizzard demons
  16 deep elf death magi
  An ettin (shapeshifter) (Depths:2)
  21 ettins
  4 merfolk javelineers (Zig:9)
  10 death oozes
  12 eidola
  63 green deaths
  9 jiangshi
  30 mummy priests
  31 vault guards
  A kraken zombie (Coc:4)
  29 fire dragons
  A fire dragon (shapeshifter) (Depths:2)
  3 quicksilver dragon zombies
  5 deep elf high priests
  A minotaur (Lab)
  16 yaktaur captains
  An entropy weaver (shapeshifter) (Zig:17)
  48 ice dragons
  25 great orbs of eyes
  55 hydras
  22 rakshasas
  19 entropy weavers
  37 naga warriors
  Erolcha (D:13)
  6 spriggan air magi
  21 hell beasts
  A hydra (shapeshifter) (Zig:14)
  14 monstrous demonspawn
  An anaconda (shapeshifter) (Zig:17)
  14 centaur warriors
  A catoblepas (Zig:18)
  8 ghost crabs
  A merfolk avatar (Abyss:3)
  2 merfolk aquamancers (Zig:16)
  5 quicksilver dragon skeletons
  A satyr (Zig:9)
  11 death knights
  6 death yaks
  31 anacondas
  12 deep troll earth magi
  32 ogre magi
  A satyr (shapeshifter) (Depths:2)
  6 deep troll shamans
  8 alligators
  A spectral frost giant (Zig:3)
  33 dancing weapons
  25 vampire magi
  6 titan zombies
  44 thrashing horrors
  44 naga sharpshooters
  2 tengu warriors
  26 hell hogs
  43 orc high priests
  118 soul eaters
  6 spriggan berserkers
  6 holy swine (Pan)
  2 spectral storm dragons (Zig:10)
  Sonja (D:13)
  35 shock serpents
  2 iron golems
  20 deep elf knights
  2 shock serpents (shapeshifter)
  140 sun demons
  6 fire crabs
  52 hell knights
  6 storm dragon zombies
  An iron troll (shapeshifter) (Vaults:5)
  40 wretched stars
  7 titan skeletons
  19 death drakes
  14 spatial maelstroms
  24 iron trolls
  A sea snake (shapeshifter) (Zig:4)
  4 storm dragon skeletons
  11 cherubim (Pan)
  15 salamander mystics
  23 shadow wraiths
  23 infernal demonspawn
  3 spark wasp zombies (Zig:12)
  7 spriggan druids
  A quicksilver dragon simulacrum (Zig:25)
  24 flayed ghosts
  9 anaconda zombies
  18 gelid demonspawn (Pan)
  10 giant orange brains
  A death drake (shapeshifter) (Zig:17)
  24 swamp dragons
  37 deep trolls
  103 skeletal warriors
  8 golden dragon zombies
  16 unseen horrors
  24 torturous demonspawn
  A ghost moth zombie (Coc:4)
  11 hill giants
  57 death scarabs
  7 golden dragon skeletons
  34 phantasmal warriors
  54 shadow demons
  21 naga ritualists
  12 wizards
  14 shambling mangroves
  4 harpies (Vaults:3)
  18 anubis guards
  21 ironbrand convokers
  35 putrid demonspawn
  13 shadow dragon zombies
  An anubis guard (shapeshifter) (Zig:15)
  4 wolf spider zombies
  2 kraken simulacra
  An orange crystal statue (Abyss:1)
  13 deep elf archers
  30 necromancers
  10 iron dragon zombies
  31 mana vipers
  5 oklob plants (Zig:12)
  8 stone giant zombies
  A tengu zombie (Zig:16)
  23 orb spiders
  258 large abominations
  A mana viper (shapeshifter) (Vaults:1)
  6 lindwurms
  A sphinx zombie (Zig:20)
  64 deep elf magi
  2 anaconda skeletons
  A lindwurm (shapeshifter) (Depths:5)
  65 ugly things
  A wolf spider (shapeshifter) (Depths:2)
  6 shadow dragon skeletons
  An orb spider (shapeshifter) (Vaults:3)
  13 orc knights
  2 frost giant zombies
  2 fauns (shapeshifter)
  36 orc sorcerers
  A shining eye (shapeshifter) (Zig:17)
  15 hornets
  5 iron dragon skeletons
  6 cyclopes
  A manticore (D:13)
  20 elephants
  36 moths of wrath
  11 fire giant zombies
  32 salamanders
  2 sphinx skeletons
  15 worldbinders
  8 griffons
  29 wolf spiders
  9 shining eyes
  A tengu skeleton (Zig:25)
  2 ice statues
  69 sixfirhies
  An elephant (shapeshifter) (Depths:3)
  8 fire giant skeletons
  9 apocalypse crabs
  42 rust devils
  3 spriggan zombies
  2 octopodes (shapeshifter)
  2 moths of wrath (shapeshifter)
  7 stone giant skeletons
  119 black mambas
  2 torpor snails (shapeshifter)
  158 smoke demons
  4 molten gargoyles (Geh:7)
  An eye of devastation (Zig:14)
  4 dire elephant zombies
  68 naga magi
  A titan simulacrum (Crypt:1)
  36 guardian serpents
  19 vault sentinels
  2 shock serpent zombies
  5 frost giant skeletons
  A black draconian zombie (Crypt:2)
  82 orange demons
  10 spectral swamp worms (Tar:7)
  A black mamba (shapeshifter) (Vaults:5)
  A salamander skeleton (Vaults:3)
  14 torpor snails
  2 spiny frogs (shapeshifter) (Abyss:1)
  4 dire elephant skeletons
  9 kobold demonologists
  39 spiny frogs
  A red draconian zombie (Crypt:2)
  65 yaktaurs
  A mottled draconian zombie (Crypt:1)
  38 efreet
  2 spriggan skeletons
  83 tormentors
  A catoblepas zombie (Crypt:3)
  2 emperor scorpion zombies
  43 freezing wraiths
  14 komodo dragons
  57 hellions
  77 demonic crawlers
  7 rime drakes
  A redback zombie (Vaults:3)
  3 anaconda simulacra
  49 guardian mummies
  57 hellwings
  2 harpy zombies
  A yaktaur skeleton (Depths:1)
  56 ice devils
  4 tengu conjurers
  83 red devils
  2 merfolk (shapeshifter)
  7 hydra zombies
  A troll (shapeshifter) (Vaults:1)
  46 ancient zymes
  47 two-headed ogres
  20 giant leeches
  110 slime creatures
  14 trolls
  2 wolf spider simulacra
  A silent spectre (Abyss:1)
  3 polar bears
  12 boulder beetles
  A harpy skeleton (Coc:4)
  A shadow dragon simulacrum (Coc:6)
  A two-headed ogre (shapeshifter) (Vaults:3)
  28 blink frogs
  24 jumping spiders
  114 raiju
  2 wind drakes (Zig:10)
  18 bog bodies
  A slime creature (shapeshifter) (Depths:2)
  A blink frog (shapeshifter) (Zig:14)
  2 fire dragon zombies
  5 ettin zombies
  8 hydra skeletons
  24 ushabtiu
  An iron dragon simulacrum (Coc:6)
  3 fire giant simulacra
  7 ice dragon zombies
  A frost giant simulacrum (Abyss:3)
  2 raiju (shapeshifter)
  A tarantella (shapeshifter) (Vaults:1)
  3 alligator zombies
  119 flying skulls
  61 wraiths
  10 air elementals
  146 starcursed masses
  6 vampires
  4 ice dragon skeletons
  22 tarantellas
  A yak (shapeshifter) (Depths:1)
  7 spriggans
  A spriggan simulacrum (Zig:25)
  23 fire bats
  A shock serpent simulacrum (Abyss:3)
  155 ynoxinuls
  33 redbacks
  A hog (shapeshifter) (Depths:5)
  3 black mamba zombies
  2 fire dragon skeletons
  5 ettin skeletons
  2 alligator skeletons
  40 fire elementals
  44 yaks
  22 shadows
  11 basilisks
  27 golden eyes
  10 water elementals
  7 wyverns
  A basilisk (shapeshifter) (Abyss:3)
  91 chaos spawn
  A golden eye (shapeshifter) (Abyss:2)
  2 hippogriffs (shapeshifter)
  31 vampire mosquitoes
  7 steam dragons
  15 hungry ghosts
  85 neqoxecs
  A black mamba skeleton (Dis:7)
  28 hippogriffs
  7 mottled dragons
  A wind drake skeleton (Crypt:3)
  13 wargs
  A warg (shapeshifter) (Abyss:3)
  13 insubstantial wisps
  A redback simulacrum (Vaults:3)
  16 wolves
  15 swamp worms
  A swamp worm (shapeshifter) (Zig:15)
  20 spatial vortices
  A merfolk zombie (Dis:7)
  101 nagas
  A glowing shapeshifter zombie (Crypt:1)
  A naga (shapeshifter) (Vaults:2)
  3 human skeletons
  An infernal demonspawn zombie (Crypt:2)
  5 hydra simulacra
  31 water moccasins
  A deep troll skeleton (Vaults:3)
  12 porcupines
  42 hell hounds
  2 merfolk skeletons
  A hornet simulacrum (Vaults:1)
  79 orc warriors
  6 elf zombies
  7 ice beasts
  6 sky beasts
  5 snapping turtle zombies
  15 necrophages
  4 spiny frog skeletons
  7 spiny frog zombies
  21 swamp drakes
  A water nymph skeleton (Crypt:3)
  5 phantoms
  35 wasps
  2 manticore zombies
  4 boggarts
  13 eyes of draining
  143 small abominations
  2 manticore skeletons
  131 ogres
  3 swamp dragon skeletons
  A crocodile (shapeshifter) (Depths:2)
  9 centaurs
  5 snapping turtle skeletons
  30 crocodiles
  9 big kobolds
  Blork the orc (D:4)
  15 giant frogs
  6 earth elementals
  2 wyvern zombies (D:10)
  6 elf skeletons
  2 howler monkeys (D:12)
  8 scorpions
  Dowan (D:7)
  3 wyvern skeletons
  A warg skeleton (Crypt:2)
  17 killer bees
  69 wights
  6 electric eels
  3 troll skeletons
  A polar bear skeleton (Crypt:1)
  7 centaur zombies
  21 crimson imps
  A giant frog zombie (D:10)
  2 human simulacra
  21 quasits
  55 iron imps
  8 centaur skeletons
  12 hounds
  3 human zombies
  A jelly (shapeshifter) (Depths:4)
  23 jellies
  31 orc priests
  3 giant frog skeletons
  A gnoll shaman (D:10)
  4 iguanas
  4 hell rats (Hell)
  2 iguanas (shapeshifter)
  25 orc wizards
  11 worker ants
  A lightning spire (Zig:10)
  28 sheep
  2 naga zombies
  A dwarf skeleton (Crypt:1)
  An ogre skeleton (Lab)
  A big kobold skeleton (Crypt:3)
  A deep dwarf skeleton (Crypt:1)
  59 mummies
  2 hound skeletons
  5 gnolls
  2 worker ant zombies
  A howler monkey skeleton (Crypt:3)
  A swamp drake zombie (Crypt:1)
  14 adders
  50 river rats
  9 shadow imps
  35 white imps
  23 ufetubi
  3 oozes
  An adder zombie (D:7)
  4 adder skeletons
  20 worms
  7 ball lightnings (Pan)
  13 giant geckos
  119 orcs
  10 bats
  3 giant cockroaches
  9 hobgoblins
  9 jackals (D:2)
  6 quokkas
  3 ball pythons
  A giant gecko skeleton (D:4)
  4 giant newts (D:3)
  16 goblins
  A goblin (shapeshifter) (Depths:3)
  2 jackal zombies
  40 kobolds
  A kobold skeleton (Geh:7)
  An orc zombie (Dis:2)
  6 rats
  A rat skeleton (Crypt:2)
  A rat zombie (Crypt:2)
  240 blocks of ice
  A bush (Zig:23)
  A demonic plant (Abyss:1)
  446 fire vortices
  3 fungi (Lair:8)
  8 lost souls
  7 lurking horrors
  2 plants (Zig:12)
  37 starspawn tentacles
  2 starspawn tentacle segments (Abyss:1)
  2 tentacles
  A tentacle segment (Coc:4)
10288 creatures vanquished.

Vanquished Creatures (collateral kills)
  3 pandemonium lords
  3 ancient liches
  3 orbs of fire (Zig:21)
  Khufu (Tomb:1)
  3 greater mummies (Tomb:1)
  A shard shrike (Coc:7)
  Saint Roka (Snake:2)
  Nikola (Swamp:3)
  Jory (Vaults:2)
  A golden dragon (Zig:10)
  A profane servitor (Abyss:1)
  7 bone dragons
  An electric golem (Zot:5)
  4 Hell Sentinels
  Rupert (Lair:7)
  5 tentacled monstrosities
  5 Ice Fiends
  A hellephant (Abyss:1)
  A titan (Depths:3)
  2 Tzitzimimeh
  A quicksilver dragon (Zig:20)
  3 Executioners
  An acid blob (Zig:14)
  An ancient champion (Zig:8)
  2 sphinxes (D:13)
  9 tentacled starspawn
  A shadow dragon (Zig:10)
  2 warmongers
  3 fire giants (Geh:7)
  2 draconian monks
  A storm dragon (Zot:5)
  A revenant (Hell)
  6 greater nagas
  A tengu reaver (Vaults:5)
  An iron dragon (Dis:7)
  2 blood saints (Pan)
  6 corrupters
  A frost giant (Vaults:5)
  A ghost moth (Zig:21)
  A deep elf sorcerer (Elf:3)
  3 cacodemons
  A draconian shifter (Zot:5)
  6 reapers
  A balrug (Zig:25)
  A draconian annihilator (Zig:24)
  A juggernaut zombie (Zig:12)
  5 very ugly things
  2 caustic shrike skeletons
  A ghoul (Zig:19)
  3 stone giants
  A salamander stormcaller (Abyss:3)
  A war gargoyle (Vaults:5)
  2 chaos champions (Pan)
  6 starcursed masses
  A dire elephant (Lair:7)
  5 vampire knights
  2 black draconians
  Nessos (D:13)
  2 red draconians
  2 white draconians
  A purple draconian (Zot:1)
  2 lorocyprocas
  2 black suns
  A yellow draconian (Zot:4)
  An eidolon (Abyss:5)
  A deep elf death mage (Elf:3)
  A blizzard demon (Pan)
  A mummy priest (Tomb:1)
  A jiangshi (Zig:6)
  A great orb of eyes (Slime:6)
  A fire dragon (Zot:1)
  2 vault guards (Vaults:5)
  5 green deaths
  3 entropy weavers
  2 naga warriors
  7 hydras
  A monstrous demonspawn (Pan)
  2 ice dragons
  An alligator (Swamp:4)
  An ogre mage (Zig:15)
  The ghost of bullock the Thaumaturge, a journeyman DESu of Vehumet (Lair:1)
  A satyr (Zig:9)
  A naga sharpshooter (Zig:9)
  8 death yaks
  8 thrashing horrors
  6 soul eaters
  3 hell knights
  4 hell hogs
  2 sun demons (Pan)
  Nergalle (Orc:1)
  A shadow wraith (Vaults:3)
  A wretched star (Zig:25)
  A golden dragon zombie (Zig:20)
  A death drake (Zig:22)
  2 spatial maelstroms
  A storm dragon skeleton (Zig:20)
  4 swamp dragons
  A putrid demonspawn (Pan)
  2 phantasmal warriors
  3 hill giants
  A naga ritualist (Zig:27)
  A shadow dragon zombie (Zig:16)
  A wizard (Abyss:1)
  11 ugly things
  An orc knight (Zig:14)
  A shining eye (Slime:3)
  2 oklob plants (Zig:12)
  3 orb spiders
  A salamander (Zig:20)
  2 orc sorcerers
  A wolf spider (Zig:21)
  4 sixfirhies
  2 manticores (Lair:7)
  A griffon (Lair:7)
  3 black mambas
  3 moths of wrath
  An apocalypse crab (Abyss:5)
  2 elf zombies (Zig:20)
  3 naga magi
  A fire giant skeleton (Abyss:1)
  Maurice (D:8)
  14 elephants
  3 smoke demons
  A rust devil (Dis:2)
  2 centaur skeletons
  6 spiny frogs
  A dire elephant skeleton (Abyss:5)
  2 orange demons
  A komodo dragon (D:10)
  An emperor scorpion zombie (Tomb:1)
  2 yaktaurs
  3 freezing wraiths
  4 red devils
  2 hydra zombies
  3 ancient zymes
  A jumping spider (Zig:21)
  A giant leech (Lair:8)
  2 two-headed ogres
  A hydra skeleton (Abyss:1)
  5 raiju
  A slime creature (D:7)
  5 blink frogs
  A bog body (Coc:7)
  An ettin zombie (Dis:6)
  3 flying skulls
  4 redbacks
  An ice dragon skeleton (Crypt:1)
  Sigmund (D:4)
  A wraith (Zig:20)
  A golden eye (Abyss:3)
  A fire bat (Abyss:2)
  8 yaks
  A hippogriff (D:7)
  11 large abominations
  3 vampire mosquitoes (Swamp:3)
  2 chaos spawn (Pan)
  2 spatial vortices
  3 nagas
  A spiny frog zombie (Coc:7)
  4 water moccasins
  Duvessa (D:7)
  2 swamp drakes (Zig:22)
  5 orc warriors
  3 wasps
  A necrophage (D:10)
  5 ogres
  A crocodile (Lair:5)
  A big kobold (D:9)
  5 small abominations
  2 crimson imps
  A quasit (Abyss:1)
  An orc priest (D:6)
  A jelly (Slime:6)
  An iguana (D:10)
  An iron imp (Hell)
  2 hell rats (Hell)
  3 orc wizards
  A worker ant (D:3)
  9 mummies
  A white imp (Zig:16)
  5 orcs
  A kobold (D:9)
  2 giant newts
  12 blocks of ice
  A bush (Zig:23)
  A fungus (Lair:5)
  2 plants
  9 starspawn tentacles
464 creatures vanquished.

Vanquished Creatures (others)
  Vashnia (Snake:4)
  A deep elf master archer (Elf:3)
  A shadow dragon (Depths:5)
  3 eldritch tentacles
  A tengu reaver (Depths:3)
  A balrug (Zig:13)
  A vault warden (Vaults:5)
  An ironheart preserver (Vaults:3)
  A stone giant (Dis:7)
  A spark wasp (Zig:19)
  A blizzard demon (Pan)
  A jiangshi (Zig:19)
  A quicksilver dragon skeleton (Coc:6)
  5 yaktaur captains
  A ghost crab (Swamp:3)
  An ogre mage (Vaults:3)
  3 thrashing horrors
  A hell hog (Hell)
  A wretched star (Abyss:1)
  A hell knight (Dis:7)
  4 large abominations
  A shadow wraith (Vaults:5)
  9 death scarabs (Tomb:2)
  A shadow demon (Pan)
  A cherub (Pan)
  A deep troll (Depths:4)
  A torturous demonspawn (Pan)
  A deep elf archer (Vaults:3)
  A stone giant zombie (Vaults:3)
  An anaconda skeleton (Hell)
  A salamander (Geh:6)
  A dire elephant zombie (Geh:6)
  An orange demon (Pan)
  2 smoke demons
  A hellion (Zig:13)
  5 yaktaurs
  A hellwing (Pan)
  2 two-headed ogres
  2 raiju
  A redback (Zig:19)
  8 small abominations
  A flying skull (Abyss:3)
  A shadow (Geh:7)
  A fire bat (Abyss:1)
  A tarantella (Zig:21)
  A water elemental (Abyss:3)
  6 golden eyes (Abyss:3)
  A chaos spawn (Zig:17)
  3 swamp drakes (Swamp:3)
  A wasp (Zig:26)
  An ogre (Vaults:1)
  A centaur (D:14)
  A wight (Tar:7)
  An elf simulacrum (Abyss:3)
  An iron imp (Dis:1)
  An orc wizard (D:9)
  3 mummies (Tomb:2)
  A river rat (Lair:6)
  7 ball lightnings (Pan)
  1018 blocks of ice
  4 demonic plants
  296 eldritch tentacle segments
  996 fire vortices
  21 fungi
  10 lost souls
  9 lurking horrors
  30 plants
  126 starspawn tentacles
  1049 starspawn tentacle segments
  14 tentacles
  418 tentacle segments
4098 creatures vanquished.

Grand Total: 14850 creatures vanquished

Notes
Turn   | Place    | Note
--------------------------------------------------------------
     0 | D:1      | srt19170 the Demonspawn Ice Elementalist began the quest for the Orb.
     0 | D:1      | Reached XP level 1. HP: 13/13 MP: 3/3
   429 | D:1      | Gained mutation: You are partially covered in iridescent scales (AC +4). [demonic ancestry]
   429 | D:1      | Reached XP level 2. HP: 19/19 MP: 1/5
  1245 | D:2      | Gained mutation: You are mostly covered in iridescent scales (AC +6). [demonic ancestry]
  1245 | D:2      | Reached XP level 3. HP: 11/24 MP: 0/6
  1717 | D:2      | Found a shimmering altar of Xom.
  1794 | D:2      | Reached skill level 1 in Maces & Flails
  2021 | D:2      | Reached skill level 1 in Fighting
  2064 | D:2      | Gained mutation: A weak demonic guardian rushes to your aid. [demonic ancestry]
  2064 | D:2      | Reached XP level 4. HP: 32/32 MP: 2/7
  3131 | D:3      | Found a bloodstained altar of Trog.
  3136 | D:3      | Gained mutation: You have a pair of small horns on your head. [demonic ancestry]
  3136 | D:3      | Reached XP level 5. HP: 35/37 MP: 9/9
  3399 | D:4      | Noticed Edmund
  3446 | D:3      | Learned a level 3 spell: Ozocubu's Armour
  3446 | D:3      | Upgraded the game from 0.18-a0-1378-g7babcad to 0.18-a0-1392-g59a4c01
  4137 | D:4      | Noticed Blork the orc
  4170 | D:4      | Killed Blork the orc
  4170 | D:4      | Gained mutation: A demonic guardian rushes to your aid. [demonic ancestry]
  4170 | D:4      | Reached XP level 6. HP: 38/44 MP: 3/11
  4305 | D:4      | Found a blossoming altar of Fedhas.
  4351 | D:4      | Noticed Sigmund
  4357 | D:4      | Killed Sigmund
  4567 | D:5      | Entered Level 5 of the Dungeon
  4707 | D:5      | Found Zetye's Antique Armour Shoppe.
  4710 | D:5      | Bought a pair of runed gloves for 139 gold pieces
  4947 | D:5      | Gained mutation: You regenerate a little health from kills. [demonic ancestry]
  4947 | D:5      | Reached XP level 7. HP: 52/52 MP: 12/12
  4950 | D:5      | Reached skill level 1 in Charms
  4953 | D:5      | Found a staircase to the Ecumenical Temple.
  4986 | Temple   | Entered the Ecumenical Temple
  5025 | Temple   | Became a worshipper of Vehumet
  5842 | D:6      | Reached XP level 8. HP: 61/61 MP: 10/13
  6186 | D:7      | Reached skill level 1 in Armour
  6220 | D:7      | Found Gykkoove's Magic Scroll Shoppe.
  6229 | D:7      | Bought a scroll of enchant armour for 105 gold pieces
  6229 | D:7      | Bought a scroll of teleportation for 42 gold pieces
  6270 | D:7      | Reached skill level 5 in Fighting
  6289 | D:7      | Noticed a slime creature
  6290 | D:7      | Noticed Duvessa
  6292 | D:7      | Noticed Dowan
  6297 | D:7      | Noticed a slime creature
  6305 | D:7      | Killed a slime creature
  6305 | D:7      | Reached * piety under Vehumet
  6305 | D:7      | Offered knowledge of Sting by Vehumet.
  6466 | D:7      | Noticed a slime creature
  6470 | D:7      | Killed a slime creature
  6479 | D:7      | Killed a slime creature
  6543 | D:7      | Learned a level 4 spell: Throw Icicle
  6773 | D:7      | Killed Duvessa
  6773 | D:7      | Gained mutation: You have a pair of horns on your head. [demonic ancestry]
  6773 | D:7      | Reached XP level 9. HP: 61/68 MP: 13/15
  6780 | D:7      | Killed Dowan
  7285 | D:8      | Noticed Maurice
  7328 | D:8      | Killed Maurice
  7328 | D:8      | Reached skill level 5 in Maces & Flails
  7586 | D:8      | Offered knowledge of Throw Flame by Vehumet.
  7592 | D:8      | Reached skill level 5 in Ice Magic
  7605 | D:8      | Reached ** piety under Vehumet
  7827 | D:8      | Reached skill level 5 in Spellcasting
  7827 | D:8      | Reached skill level 5 in Conjurations
  8325 | D:9      | Reached XP level 10. HP: 75/77 MP: 17/17
  8420 | D:9      | Offered knowledge of Conjure Flame by Vehumet.
  8753 | D:9      | Reached *** piety under Vehumet
  9084 | D:10     | Entered Level 10 of the Dungeon
  9122 | D:10     | Learned a level 4 spell: Airstrike
  9137 | D:10     | Offered knowledge of Static Discharge by Vehumet.
  9145 | D:10     | Learned a level 3 spell: Static Discharge
  9190 | D:10     | Reached skill level 1 in Air Magic
  9329 | D:10     | Noticed a white ugly thing
  9337 | D:10     | Killed a white ugly thing
  9565 | D:10     | Noticed a hill giant
  9568 | D:10     | Killed a hill giant
  9761 | D:10     | Reached **** piety under Vehumet
  9768 | D:10     | Reached skill level 5 in Air Magic
 10142 | D:10     | Noticed a hill giant
 10148 | D:10     | Killed a hill giant
 10410 | D:10     | Offered knowledge of Force Lance by Vehumet.
 10475 | D:11     | Noticed a hill giant
 10617 | D:11     | Gained mutation: Your flesh is cold resistant. [demonic ancestry]
 10617 | D:11     | Reached XP level 11. HP: 82/82 MP: 17/19
 10970 | D:11     | Killed a hill giant
 11036 | D:11     | Found a staircase to the Lair.
 11150 | D:11     | Noticed a hill giant
 11155 | D:11     | Killed a hill giant
 11184 | D:11     | Noticed a hill giant
 11195 | D:11     | Killed a hill giant
 11621 | Lair:1   | Entered Level 1 of the Lair of Beasts
 11653 | Lair:1   | Identified a scroll of acquirement
 11837 | Lair:1   | Noticed a four-headed hydra
 11843 | Lair:1   | Killed a four-headed hydra
 11986 | Lair:1   | Reached ***** piety under Vehumet
 11986 | Lair:1   | Offered knowledge of Venom Bolt by Vehumet.
 12356 | Lair:1   | Noticed bullock's ghost (journeyman DESu)
 12368 | Lair:1   | Killed bullock's ghost
 12368 | Lair:1   | Reached skill level 5 in Armour
 13094 | Lair:2   | Noticed an eight-headed hydra
 13101 | Lair:2   | Killed an eight-headed hydra
 13201 | Lair:2   | Found a labyrinth entrance.
 13213 | Lab      | Entered a labyrinth
 13335 | Lab      | Reached XP level 12. HP: 87/90 MP: 9/21
 13615 | Lab      | Found an exit through the horrors of the Abyss.
 13864 | Lab      | Noticed a minotaur
 13880 | Lab      | Killed a minotaur
 13937 | Lab      | Identified the Volume of Aerial Transmigration
 15065 | Lair:3   | Noticed an eight-headed hydra
 15077 | Lair:3   | Killed an eight-headed hydra
 16604 | Lair:5   | Noticed a seven-headed hydra
 16614 | Lair:5   | Killed a seven-headed hydra
 17582 | Lair:5   | Offered knowledge of Sticky Flame by Vehumet.
 17607 | Lair:5   | Gained mutation: A powerful demonic guardian rushes to your aid. [demonic ancestry]
 17607 | Lair:5   | Reached XP level 13. HP: 99/99 MP: 3/24
 17926 | Lair:5   | Reached skill level 5 in Dodging
 19023 | Lair:6   | Found a staircase to the Swamp.
 19438 | Lair:6   | Reached skill level 1 in Evocations
 19685 | Lair:6   | Found a staircase to the Snake Pit.
 20595 | Lair:1   | Learned a level 6 spell: Freezing Cloud
 20791 | Lair:7   | Found a viscous altar of Jiyva.
 20791 | Lair:7   | Found a staircase to the Slime Pits.
 20794 | Lair:7   | Noticed Rupert
 20801 | Lair:7   | Killed Rupert
 21416 | Lair:7   | Reached skill level 5 in Evocations
 21416 | Lair:7   | Reached XP level 14. HP: 108/108 MP: 9/26
 21588 | Lair:7   | Offered knowledge of Bolt of Draining by Vehumet.
 23005 | Lair:8   | Entered Level 8 of the Lair of Beasts
 23014 | Lair:8   | Upgraded the game from 0.18-a0-1392-g59a4c01 to 0.18-a0-1400-g0ef5d54
 23443 | Lair:8   | Found a runed door.
 24129 | Lair:8   | Offered knowledge of Bolt of Cold by Vehumet.
 24138 | Lair:8   | Learned a level 6 spell: Bolt of Cold
 24644 | Lair:8   | Reached skill level 10 in Fighting
 26862 | Lair:8   | Offered knowledge of Poisonous Cloud by Vehumet.
 26994 | Lair:8   | Reached skill level 10 in Conjurations
 27774 | D:12     | Reached XP level 15. HP: 117/117 MP: 24/28
 27848 | D:12     | Found a staircase to the Orcish Mines.
 28664 | D:13     | Found a blossoming altar of Fedhas.
 29183 | D:13     | Noticed Erolcha
 29188 | D:13     | Killed Erolcha
 29610 | D:13     | Noticed a sphinx
 29614 | D:13     | Noticed Nessos
 29626 | D:13     | Killed Nessos
 29957 | D:13     | Noticed a sphinx
 29965 | D:13     | Paralysed by a sphinx for 2 turns
 29979 | D:13     | Paralysed by a sphinx for 6 turns
 29984 | D:13     | Killed a sphinx
 30180 | D:13     | Got a slimy copper ring
 30184 | D:13     | Identified the ring "Utehez" {Ice Fragile +Fly rN+ Str+3 Slay+2} (You found it on level 13 of the Dungeon)
 30189 | D:13     | Got a crude amber ring
 30190 | D:13     | Identified the ring of Zak Ips {Ice MP+9 Int+4} (You found it on level 13 of the Dungeon)
 30307 | D:13     | Killed a sphinx
 30327 | D:13     | Reached skill level 5 in Stealth
 30385 | D:13     | Noticed Sonja
 30389 | D:13     | Killed Sonja
 30812 | D:14     | Reached ****** piety under Vehumet
 30812 | D:14     | Offered knowledge of Orb of Destruction by Vehumet.
 31264 | D:14     | Got a slimy scythe
 31265 | D:14     | Identified the +3 scythe of Xom's Castigation {vamp, rF++ Str+4} (You found it on level 14 of the Dungeon)
 32516 | D:14     | Reached skill level 10 in Spellcasting
 32784 | D:14     | Reached skill level 10 in Maces & Flails
 32986 | D:14     | Found a gate to the Vaults.
 33218 | D:15     | Entered Level 15 of the Dungeon
 33664 | D:15     | Reached skill level 10 in Stealth
 33778 | D:15     | Found a staircase to the Depths.
 33896 | D:15     | Reached skill level 10 in Ice Magic
 33916 | D:15     | Learned a level 7 spell: Orb of Destruction
 34396 | Orc:1    | Entered Level 1 of the Orcish Mines
 34406 | Orc:1    | Gained mutation: You are completely covered in iridescent scales (AC +8). [demonic ancestry]
 34406 | Orc:1    | Reached XP level 16. HP: 121/125 MP: 20/30
 34416 | Orc:1    | Noticed Nergalle
 34682 | Orc:1    | Killed Nergalle
 34930 | Orc:1    | Offered knowledge of Ozocubu's Refrigeration by Vehumet.
 35520 | Orc:2    | Entered Level 2 of the Orcish Mines
 35548 | Orc:2    | Found a staircase to the Elven Halls.
 35895 | Orc:2    | Noticed Maud
 36154 | Orc:2    | Killed Maud
 36922 | Orc:2    | Found Naewn's General Store.
 36922 | Orc:2    | Found Qiphoas's Antique Armour Boutique.
 36923 | Orc:2    | Found Ydammoep's Magic Scroll Boutique.
 36923 | Orc:2    | Found Nuraxtev's Book Shoppe.
 37070 | Orc:2    | Bought a scroll of enchant weapon for 112 gold pieces
 37070 | Orc:2    | Bought a scroll of enchant weapon for 112 gold pieces
 37152 | Orc:2    | Bought an embroidered hat for 116 gold pieces
 37160 | Orc:2    | Bought the cursed +0 scale mail "Moxzepymp" {rElec rF+ rC+} for 406 gold pieces
 37366 | Lair:1   | Learned a level 6 spell: Ozocubu's Refrigeration
 37510 | Snake:1  | Entered Level 1 of the Snake Pit
 37551 | Swamp:1  | Entered Level 1 of the Swamp
 37557 | Swamp:1  | Offered knowledge of Fire Storm by Vehumet.
 37557 | Swamp:1  | Offered knowledge of Glaciate by Vehumet.
 37557 | Swamp:1  | Offered knowledge of Shatter by Vehumet.
 38203 | Swamp:1  | Identified the Incunabulum of Spatial Blows and Bruises
 39264 | Swamp:2  | Noticed Louise
 39599 | Swamp:2  | Killed Louise
 39712 | Swamp:3  | Noticed a thorn hunter
 39718 | Swamp:3  | Killed a thorn hunter
 40983 | Lair:1   | Learned a level 2 spell: Blink
 41009 | Lair:1   | Upgraded the game from 0.18-a0-1400-g0ef5d54 to 0.18-a0-1408-g69e564c
 41269 | Swamp:3  | Noticed Nikola
 41287 | Swamp:3  | Killed Nikola
 41353 | Swamp:3  | Noticed a thorn hunter
 41358 | Swamp:3  | Killed a thorn hunter
 41558 | Swamp:4  | Entered Level 4 of the Swamp
 41624 | Swamp:3  | Noticed a thorn hunter
 41630 | Swamp:3  | Killed a thorn hunter
 41945 | Swamp:4  | Noticed a thorn hunter
 41993 | Swamp:4  | Killed a thorn hunter
 42504 | Swamp:4  | Gained mutation: You have a pair of large horns on your head. [demonic ancestry]
 42504 | Swamp:4  | Reached XP level 17. HP: 110/131 MP: 3/31
 43555 | Swamp:4  | Got a decaying rune of Zot
 43916 | Elf:1    | Entered Level 1 of the Elven Halls
 44604 | Elf:1    | Found an ancient bone altar of Kikubaaqudgha.
 44983 | Elf:1    | Identified the Almanac of the Exiled Blessings
 45995 | Elf:2    | Cast into level 3 of the Abyss (a deep elf demonologist)
 45995 | Abyss:3  | Found a corrupted altar of Lugonu.
 46275 | Abyss:3  | Found a corrupted altar of Lugonu.
 46590 | Abyss:3  | HP: 1/132 [hellion/burst of hellfire (22)]
 46701 | Elf:2    | Escaped the Abyss
 47119 | Elf:2    | Found a huge runed gate.
 47119 | Elf:2    | Found a huge runed gate.
 47119 | Elf:2    | Found a huge runed gate.
 47121 | Elf:2    | Found a huge runed gate.
 47754 | Elf:2    | Found a huge runed gate.
 47830 | Elf:3    | Entered Level 3 of the Elven Halls
 48248 | Lair:1   | Identified a +2 rod of ignition (13/13) (You took it off a minotaur in a labyrinth)
 48733 | Elf:3    | Found a deep blue altar of Sif Muna.
 49113 | Elf:3    | Reached XP level 18. HP: 53/140 MP: 1/32
 49141 | Elf:3    | Cast into level 3 of the Abyss (a deep elf sorcerer)
 49658 | Abyss:3  | Noticed a bone dragon
 50188 | Elf:3    | Escaped the Abyss
 50251 | Elf:3    | Cast into level 3 of the Abyss (a deep elf sorcerer)
 50309 | Abyss:3  | Got a smoking lapis lazuli ring
 50317 | Abyss:3  | Identified the ring "Ditienn" {rElec Int+2 Dex+5} (You found it on level 3 of the Abyss)
 50481 | Abyss:3  | Noticed a bone dragon
 50504 | Abyss:3  | Killed a bone dragon
 50780 | Abyss:3  | Found a corrupted altar of Lugonu.
 51114 | Abyss:3  | Reached skill level 10 in Armour
 51803 | Abyss:3  | Noticed a hellephant
 53028 | Abyss:3  | Noticed a bone dragon
 53065 | Abyss:3  | Killed a bone dragon
 53197 | Abyss:3  | Noticed a profane servitor
 53207 | Abyss:3  | Killed a profane servitor
 53345 | Elf:3    | Escaped the Abyss
 53618 | Elf:3    | Cast into level 3 of the Abyss (a deep elf sorcerer)
 53619 | Abyss:3  | Upgraded the game from 0.18-a0-1408-g69e564c to 0.18-a0-1414-gcd7f35e
 53687 | Elf:3    | Escaped the Abyss
 53832 | Elf:3    | Got a crystal flail {elec}
 53838 | Elf:3    | Identified the cursed +3 flail "Koudoid" {elec, rF+ Int+3} (You took it off a deep elf sorcerer on level 3 of the Elven Halls)
 53928 | Elf:3    | Gained mutation: You are immune to freezing clouds. [demonic ancestry]
 53928 | Elf:3    | Reached XP level 19. HP: 148/148 MP: 6/34
 54185 | Elf:3    | Cast into level 2 of the Abyss (a deep elf sorcerer)
 54687 | Elf:3    | Escaped the Abyss
 55003 | Elf:3    | Got an ichor-stained hand axe {chop}
 55061 | Elf:2    | Identified the +7 hand axe of Duty {chop, rF+} (You took it off a deep elf annihilator on level 3 of the Elven Halls)
 55368 | Elf:3    | Identified Sif Muna's Almanac of Conjuration and Fire
 55902 | Elf:3    | Got a pair of transparent gloves
 55925 | Elf:3    | Identified the +0 pair of gloves "Puduq" {*Contam rF++ Dex+4} (You found it on level 3 of the Elven Halls)
 55943 | Elf:3    | Got a translucent longbow
 55949 | Elf:3    | Identified the +9 longbow "Xikyr" {venom, rElec} (You found it on level 3 of the Elven Halls)
 55979 | Elf:3    | Got a crystal spear {pierce}
 55980 | Elf:3    | Identified the +4 spear of the Extremes {pierce, rPois rF++ MP+9 Dex-3} (You took it off a deep elf elementalist on level 3 of the Elven Halls)
 55987 | Elf:3    | Got a pitted chain mail
 56238 | Lair:1   | Identified the +4 chain mail of Orhonay {rElec Str-3 Slay+2} (You took it off a deep elf master archer on level 3 of the Elven Halls)
 57500 | Snake:1  | Found Amasuaqogra's Weapon Shop.
 57769 | Snake:2  | Noticed Saint Roka
 57896 | Snake:2  | Killed Saint Roka
 58292 | Snake:2  | Noticed Donald
 58299 | Snake:2  | Killed Donald
 58339 | Snake:2  | Noticed Wiglaf
 58355 | Snake:2  | Killed Wiglaf
 58671 | Snake:2  | Found Catz's Assorted Antiques.
 58758 | Snake:2  | Bought a scroll of enchant armour for 225 gold pieces
 58758 | Snake:2  | Bought a twisted ivory ring for 150 gold pieces
 58758 | Snake:2  | Bought a potion of heal wounds for 150 gold pieces
 59228 | Snake:2  | Reached XP level 20. HP: 157/157 MP: 21/36
 59747 | Snake:3  | Reached skill level 15 in Conjurations
 61189 | Snake:3  | Got a polished cloak
 61200 | Snake:3  | Identified the cursed +0 cloak of the Failed Coup {rElec Int+5 Dex+4} (You found it on level 3 of the Snake Pit)
 61294 | Snake:4  | Entered Level 4 of the Snake Pit
 61794 | Snake:4  | Noticed Vashnia
 62047 | Snake:4  | Killed Vashnia
 63761 | Snake:4  | Got a serpentine rune of Zot
 64237 | Depths:1 | Entered Level 1 of the Depths
 64258 | Depths:1 | Reached XP level 21. HP: 134/165 MP: 38/38
 64269 | Depths:1 | Learned a level 9 spell: Glaciate
 64710 | Depths:1 | Found a gateway to Hell.
 64740 | Depths:1 | Found a one-way gate to the infinite horrors of the Abyss.
 64875 | Depths:1 | Found a snail-covered altar of Cheibriados.
 65879 | Depths:2 | Found a gateway to a ziggurat.
 68298 | Depths:3 | Found a flickering gateway to a bazaar.
 68344 | Bazaar   | Entered a bazaar
 68344 | Bazaar   | Found Veseuklu's Jewellery Boutique.
 68472 | Bazaar   | Found Jinakh's Antique Armour Emporium.
 68475 | Bazaar   | Found Line Fum's Armour Boutique.
 68487 | Bazaar   | Found Maumue's Jewellery Shoppe.
 68494 | Bazaar   | Found Ygisiuteuz's Jewellery Shoppe.
 68543 | Bazaar   | Bought a +2 buckler of poison resistance for 277 gold pieces
 68549 | Bazaar   | Bought a +6 ring of protection for 858 gold pieces
 68549 | Bazaar   | Bought the ring "Ruipos" {rElec rPois rC+ MR+ Stlth-} for 536 gold pieces
 68990 | Depths:3 | Reached skill level 15 in Fighting
 69037 | Depths:3 | Reached skill level 1 in Shields
 69069 | Depths:3 | Gained mutation: You regenerate health from kills. [demonic ancestry]
 69069 | Depths:3 | Reached XP level 22. HP: 144/175 MP: 10/39
 69998 | Depths:3 | Found a one-way gate leading to the halls of Pandemonium.
 70190 | Depths:3 | Got a warped brass amulet
 70191 | Depths:3 | Identified the amulet of Jeih {Faith Dex+3} (You took it off a frost giant on level 3 of the Depths)
 70540 | Depths:3 | Identified the Incunabulum of Shifting Snow (You found it on level 3 of the Depths)
 70682 | Depths:2 | Noticed ZeroCool's ghost (adept MiBe)
 70695 | Depths:2 | Killed ZeroCool's ghost
 71125 | Depths:4 | Found Ohonwut's Blood Bar.
 71665 | Depths:4 | Noticed a golden dragon
 71709 | Depths:3 | Killed a golden dragon
 71796 | Depths:4 | Got a polished hand axe
 71804 | Depths:4 | Identified the +9 hand axe of Iferounwy {chop, Int+2} (You found it on level 4 of the Depths)
 72951 | Depths:5 | Entered Level 5 of the Depths
 73105 | Depths:5 | Upgraded the game from 0.18-a0-1414-gcd7f35e to 0.18-a0-1425-g646b864
 73133 | Depths:5 | Found an iron altar of Okawaru.
 73133 | Depths:5 | Noticed a juggernaut
 73669 | Depths:5 | Reached XP level 23. HP: 183/183 MP: 17/41
 74154 | Depths:5 | Found a gate to the Realm of Zot.
 74534 | Lair:1   | Learned a level 6 spell: Iron Shot
 74677 | Vaults:1 | Entered Level 1 of the Vaults
 74697 | Vaults:1 | Noticed clown's ghost (adept DsFE)
 74847 | Vaults:1 | Killed clown's ghost
 75909 | Vaults:1 | Reached skill level 10 in Dodging
 76570 | Vaults:2 | Noticed Jory
 76741 | Vaults:2 | Killed Jory
 77041 | Vaults:2 | Got a faintly humming robe
 77042 | Vaults:2 | Identified the +0 robe of Broken Taboos {rCorr} (You found it on level 2 of the Vaults)
 77052 | Vaults:2 | Found a radiant altar of Vehumet.
 77075 | Vaults:2 | Got a slimy hat
 77077 | Vaults:2 | Got a jewelled hat
 77096 | Vaults:2 | Got a smoking hat
 78570 | Vaults:3 | Reached skill level 10 in Evocations
 78635 | Vaults:3 | Noticed Boris
 78740 | Vaults:3 | Noticed Frederick
 78769 | Vaults:3 | Killed Frederick
 78857 | Vaults:3 | Gained mutation: You regenerate a lot of health from kills. [demonic ancestry]
 78857 | Vaults:3 | Reached XP level 24. HP: 191/191 MP: 36/41
 78967 | Vaults:3 | Noticed Mara
 78971 | Vaults:3 | Noticed srt19170's illusion
 78993 | Vaults:3 | Killed Mara
 79946 | Vaults:3 | Found a portal to a secret trove of treasure.
 80646 | Depths:1 | Voluntarily entered the Abyss.
 80861 | Abyss:1  | Reached skill level 15 in Maces & Flails
 81343 | Abyss:1  | Reached skill level 15 in Ice Magic
 81530 | Abyss:1  | Reached skill level 15 in Spellcasting
 82270 | Abyss:2  | Got an iridescent rapier
 82305 | Abyss:2  | Identified the cursed +2 rapier of Sin {pierce, Str+4 Int+2} (You found it on level 2 of the Abyss)
 82345 | Abyss:2  | Found a corrupted altar of Lugonu.
 82715 | Abyss:3  | Reached XP level 25. HP: 199/199 MP: 30/42
 82964 | Abyss:3  | Found a corrupted altar of Lugonu.
 83427 | Abyss:3  | Gained mutation: You are agile. (Dex +2) [a neqoxec]
 83803 | Abyss:3  | Got an abyssal rune of Zot
 84406 | Abyss:3  | Gained mutation: Armour fits poorly on your strangely shaped body. [a neqoxec]
 84867 | Abyss:3  | Gained mutation: Your magical capacity is low (-10% MP). [a neqoxec]
 84976 | Abyss:3  | Found a corrupted altar of Lugonu.
 85065 | Depths:1 | Escaped the Abyss
 85582 | Vaults:3 | Found a staircase to the Crypt.
 87208 | Vaults:4 | Found Kaaletzo's Assorted Antiques.
 87225 | Vaults:4 | Bought a dented crystal amulet for 220 gold pieces
 87828 | Crypt:1  | Entered Level 1 of the Crypt
 87882 | Crypt:1  | Paralysed by a vampire knight for 5 turns
 87889 | Crypt:1  | Gained mutation: A frigid envelope surrounds you and freezes all who hurt you. [demonic ancestry]
 87889 | Crypt:1  | Reached XP level 26. HP: 156/213 MP: 26/38
 87946 | Crypt:1  | Upgraded the game from 0.18-a0-1425-g646b864 to 0.18-a0-1433-g1d8109a
 89993 | Crypt:3  | Entered Level 3 of the Crypt
 90347 | Crypt:3  | Found a staircase to the Tomb.
 91140 | Crypt:3  | Found a basalt altar of Yredelemnul.
 91214 | Crypt:3  | Paralysed by a vampire knight for 7 turns
 91232 | Crypt:3  | Got a faintly glowing demon trident {vamp}
 91913 | Crypt:3  | Paralysed by a vampire knight for 5 turns
 92060 | Crypt:3  | Identified the cursed +2 demon trident "Mukk" {vamp, rElec rC- Int+3} (You took it off a vampire mage on level 3 of the Crypt)
 92916 | Vaults:5 | Entered Level 5 of the Vaults
 93099 | Vaults:5 | Reached XP level 27. HP: 161/222 MP: 24/39
 93180 | Vaults:5 | Learned a level 5 spell: Fireball
 93227 | Vaults:5 | Got a translucent golden ring
 93230 | Vaults:5 | Identified the cursed ring "Was Vudgh" {+Fly Int-2 Stlth+} (You found it on level 5 of the Vaults)
 93376 | Vaults:5 | Noticed an ancient lich
 93551 | Vaults:5 | Cast into level 5 of the Abyss (an ancient lich)
 93551 | Abyss:5  | Entered Level 5 of the Abyss
 94248 | Vaults:5 | Escaped the Abyss
 94252 | Vaults:5 | Killed an ancient lich
 94548 | Vaults:5 | Reached skill level 1 in Fire Magic
 94553 | Vaults:5 | Noticed an ancient lich
 94656 | Vaults:5 | Noticed an ancient lich
 94659 | Vaults:5 | Killed an ancient lich
 94964 | Vaults:5 | Found Ypsimu's Distillery.
 94969 | Vaults:5 | Found Qewec Neg's Antique Armour Shoppe.
 94974 | Vaults:5 | Bought a potion of cure mutation for 250 gold pieces
 94974 | Vaults:5 | Bought a potion of cure mutation for 250 gold pieces
 94974 | Vaults:5 | Lost mutation: Armour fits poorly on your strangely shaped body. [potion of cure mutation]
 94974 | Vaults:5 | Lost mutation: Your magical capacity is low (-10% MP). [potion of cure mutation]
 94974 | Vaults:5 | Lost mutation: You are agile. (Dex +2) [potion of cure mutation]
 94975 | Vaults:5 | Found Uggy's Jewellery Shoppe.
 95200 | Vaults:5 | Found Gian's Distillery.
 95414 | Vaults:5 | Noticed an ancient lich
 95633 | Vaults:5 | Killed an ancient lich
 95832 | Vaults:5 | Reached skill level 5 in Fire Magic
 95851 | Vaults:5 | Killed an ancient lich
 95928 | Vaults:5 | Got a silver rune of Zot
 96273 | Vaults:5 | Bought the +2 pair of boots of the Assassin {DetectMon Stab+ Stlth++} for 1165 gold pieces
 96294 | Vaults:5 | Bought a potion of heal wounds for 50 gold pieces
 96294 | Vaults:5 | Bought a potion of heal wounds for 50 gold pieces
 96294 | Vaults:5 | Bought a potion of haste for 100 gold pieces
 96294 | Vaults:5 | Bought a potion of haste for 100 gold pieces
 96313 | Vaults:5 | Bought a potion of heal wounds for 90 gold pieces
 96356 | Vaults:5 | Got a steaming lapis lazuli ring
 96358 | Vaults:5 | Identified the cursed ring of Relativism {rElec MR+ Str-3 Int+4 Dex-3 SInv} (You took it off a vault sentinel on level 5 of the Vaults)
 96663 | Lair:1   | Identified a +3 rod of clouds (10/10) (You took it off a deep elf death mage on level 5 of the Vaults)
 96848 | Depths:1 | Voluntarily entered the Abyss.
 97115 | Abyss:1  | Found a blossoming altar of Fedhas.
 97143 | Abyss:1  | Found a blossoming altar of Fedhas.
 97243 | Abyss:1  | Gained mutation: You expend magic power (3 MP) to strengthen your wands. [a neqoxec]
 97739 | Abyss:1  | Gained mutation: Your magical capacity is low (-10% MP). [a cacodemon]
 97740 | Abyss:1  | Gained mutation: You are weak. (Str -2) [a cacodemon]
 98234 | Abyss:1  | Found a corrupted altar of Lugonu.
 99866 | Abyss:1  | Found a bloodstained altar of Trog.
 99991 | Abyss:1  | Found a bloodstained altar of Trog.
100010 | Abyss:1  | Gained mutation: Your spells are a little easier to cast, but a little less powerful. [a neqoxec]
100051 | Abyss:1  | Upgraded the game from 0.18-a0-1433-g1d8109a to 0.18-a0-1436-gfa8758d
100154 | Abyss:1  | Found a bloodstained altar of Trog.
100469 | Abyss:1  | Found a corrupted altar of Lugonu.
100628 | Abyss:1  | Lost mutation: You expend magic power (3 MP) to strengthen your wands. [potion of cure mutation]
100628 | Abyss:1  | Lost mutation: You are weak. (Str -2) [potion of cure mutation]
100628 | Abyss:1  | Lost mutation: Your magical capacity is low (-10% MP). [potion of cure mutation]
100628 | Abyss:1  | Lost mutation: Your spells are a little easier to cast, but a little less powerful. [potion of cure mutation]
101672 | Depths:1 | Escaped the Abyss
102197 | Zot:1    | Entered Level 1 of the Realm of Zot
104309 | Zot:2    | Got a translucent helmet
104310 | Zot:2    | Identified the +2 helmet of Fortitude {Int+4 Dex-4} (You found it on level 2 of the Realm of Zot)
105080 | Zot:3    | Reached skill level 15 in Armour
105826 | Zot:3    | Upgraded the game from 0.18-a0-1436-gfa8758d to 0.18-a0-1454-g5e6cd1e
106817 | Zot:4    | Noticed an orb of fire
106822 | Zot:4    | Gained mutation: Your body sometimes deteriorates upon taking damage. [an orb of fire]
106826 | Zot:4    | Gained mutation: Your mind is acute. (Int +2) [an orb of fire]
106842 | Zot:4    | Killed an orb of fire
106911 | Zot:5    | Entered Level 5 of the Realm of Zot
107202 | Zot:5    | Found a shimmering altar of Xom.
107357 | Zot:5    | Reached skill level 10 in Fire Magic
107847 | Lair:1   | Learned a level 2 spell: Shroud of Golubria
108138 | Depths:3 | Voluntarily entered the Abyss.
108274 | Abyss:1  | Found a burning altar of Makhleb.
108581 | Abyss:1  | Noticed an ancient lich
109337 | Abyss:1  | Noticed an ancient lich
109354 | Abyss:1  | Killed an ancient lich
110428 | Abyss:1  | Paralysed by accursed screaming for 1 turns
110737 | Abyss:1  | Noticed an ancient lich
110742 | Abyss:1  | Killed an ancient lich
110742 | Abyss:1  | Reached skill level 15 in Fire Magic
111230 | Abyss:1  | Gained mutation: You occasionally shout uncontrollably at your foes. [a cacodemon]
112019 | Abyss:1  | Paralysed by accursed screaming for 2 turns
112030 | Abyss:1  | Paralysed by accursed screaming for 1 turns
112394 | Abyss:1  | Gained mutation: Your magical capacity is low (-10% MP). [a cacodemon]
112807 | Abyss:1  | Found a viscous altar of Jiyva.
112918 | Abyss:1  | Found a viscous altar of Jiyva.
113337 | Abyss:1  | Learned a level 9 spell: Fire Storm
113662 | Depths:3 | Escaped the Abyss
113706 | Depths:3 | Upgraded the game from 0.18-a0-1454-g5e6cd1e to 0.18-a0-1471-gbbaf034
113706 | Depths:3 | Lost mutation: Your body sometimes deteriorates upon taking damage. [potion of cure mutation]
113706 | Depths:3 | Lost mutation: You occasionally shout uncontrollably at your foes. [potion of cure mutation]
113718 | Pan      | Entered Pandemonium
114675 | Pan      | Found an exit through the horrors of the Abyss.
114838 | Pan      | Gained mutation: Scrolls take you a little longer to read. [a neqoxec]
115033 | Pan      | Noticed Riwneam the pandemonium lord
115310 | Pan      | Killed Riwneam the pandemonium lord
115655 | Pan      | Got a demonic rune of Zot
116018 | Pan      | Noticed Aniest the pandemonium lord
116054 | Pan      | Killed Aniest the pandemonium lord
116170 | Pan      | Found an exit through the horrors of the Abyss.
116466 | Pan      | Identified the Incunabulum of the Monkey (You found it in Pandemonium)
117088 | Pan      | Noticed Wumpan the pandemonium lord
117106 | Pan      | Lost mutation: Your magical capacity is low (-10% MP). [potion of cure mutation]
117106 | Pan      | Lost mutation: Scrolls take you a little longer to read. [potion of cure mutation]
117106 | Pan      | Lost mutation: Your mind is acute. (Int +2) [potion of cure mutation]
117383 | Pan      | Found an exit through the horrors of the Abyss.
117468 | Pan      | Killed Wumpan the pandemonium lord
117671 | Pan      | Took an exit into the Abyss.
117671 | Abyss:1  | Escaped into the Abyss
117857 | Depths:3 | Escaped the Abyss
118280 | Vaults:3 | Killed Boris
118422 | Tomb:1   | Entered Level 1 of the Tomb of the Ancients
118546 | Tomb:1   | Noticed a greater mummy
118547 | Tomb:1   | Noticed Khufu
118548 | Tomb:1   | Noticed a greater mummy
118555 | Tomb:1   | Killed a greater mummy
118557 | Tomb:1   | Killed Khufu
118772 | Tomb:1   | Killed a greater mummy
119381 | Tomb:1   | Noticed a greater mummy
119434 | Tomb:1   | Killed a greater mummy
119604 | Tomb:1   | Noticed Boris
119611 | Tomb:1   | Killed Boris
120043 | Tomb:1   | Noticed a greater mummy
120052 | Tomb:1   | Killed a greater mummy
120174 | Tomb:1   | Noticed a greater mummy
120182 | Tomb:1   | Killed a greater mummy
120358 | Tomb:2   | Noticed a greater mummy
120358 | Tomb:2   | Noticed a greater mummy
120939 | Pan      | Entered Pandemonium
121469 | Pan      | Noticed Canaegec the pandemonium lord
121476 | Pan      | Killed Canaegec the pandemonium lord
121843 | Pan      | Found an exit through the horrors of the Abyss.
122755 | Pan      | Found an exit through the horrors of the Abyss.
123302 | Pan      | Noticed Socev the pandemonium lord
123419 | Pan      | Killed Socev the pandemonium lord
123605 | Pan      | Gained mutation: You are frail (-10% HP). [a cacodemon]
123687 | Pan      | Upgraded the game from 0.18-a0-1471-gbbaf034 to 0.18-a0-1484-g95ebbe1
124176 | Pan      | Noticed Jilel the pandemonium lord
124183 | Pan      | Killed Jilel the pandemonium lord
125650 | Pan      | Found an exit through the horrors of the Abyss.
125995 | Pan      | Reached skill level 5 in Shields
126481 | Pan      | Noticed Seucur the pandemonium lord
126706 | Pan      | Killed Seucur the pandemonium lord
126931 | Pan      | Found an exit through the horrors of the Abyss.
127254 | Pan      | Took an exit into the Abyss.
127254 | Abyss:1  | Escaped into the Abyss
127287 | Depths:3 | Escaped the Abyss
127511 | Lair:1   | Lost mutation: You are frail (-10% HP). [potion of cure mutation]
127783 | Pan      | Entered Pandemonium
127788 | Pan      | Found an exit through the horrors of the Abyss.
127902 | Pan      | Noticed Duplog the pandemonium lord
127912 | Pan      | Killed Duplog the pandemonium lord
127929 | Pan      | Got a dazzling plate armour
128490 | Pan      | Reached skill level 10 in Shields
128789 | Pan      | Noticed Mennas
128901 | Pan      | Killed Mennas
128916 | Pan      | Noticed Zyjue the pandemonium lord
128920 | Pan      | Killed Zyjue the pandemonium lord
129066 | Pan      | Found an exit through the horrors of the Abyss.
129678 | Pan      | Found an exit through the horrors of the Abyss.
129678 | Pan      | Noticed Ytwenlao the pandemonium lord
129702 | Pan      | Killed Ytwenlao the pandemonium lord
130189 | Pan      | Gained mutation: Armour fits poorly on your strangely shaped body. [a neqoxec]
131099 | Pan      | Found an exit through the horrors of the Abyss.
131104 | Pan      | Noticed Luitwed the pandemonium lord
131114 | Pan      | Killed Luitwed the pandemonium lord
131393 | Pan      | Found an exit through the horrors of the Abyss.
131407 | Pan      | Identified the +13 plate armour "Tioc" {rF+ rCorr Str-5 Int+3} (You found it in Pandemonium)
131535 | Pan      | Reached skill level 15 in Shields
131921 | Pan      | Found an exit through the horrors of the Abyss.
131945 | Pan      | Took an exit into the Abyss.
131945 | Abyss:1  | Escaped into the Abyss
131963 | Depths:3 | Escaped the Abyss
132205 | Lair:1   | Lost mutation: Armour fits poorly on your strangely shaped body. [potion of cure mutation]
132469 | Vaults:3 | You paid a toll of 2 scrolls of acquirement to enter a treasure trove
132470 | Trove    | Entered a treasure trove
132478 | Trove    | Got a slimy shield
132480 | Trove    | Got an ancient mace
132490 | Trove    | Got a warped scale mail
132517 | Vaults:3 | Identified the cursed +1 mace of Uncomfortable Rashes {drain, Str+4} (You found it in a treasure trove)
132528 | Vaults:3 | Identified the -5 shield of the Lonely Cities {MR+ Stlth+} (You found it in a treasure trove)
132538 | Vaults:3 | Identified the +5 scale mail of Disguise {Int+3} (You found it in a treasure trove)
133250 | Pan      | Entered Pandemonium
133589 | Pan      | Found an exit through the horrors of the Abyss.
133746 | Pan      | Noticed Bauph the pandemonium lord
133751 | Pan      | Killed Bauph the pandemonium lord
134254 | Pan      | Took an exit into the Abyss.
134254 | Abyss:1  | Escaped into the Abyss
134524 | Depths:3 | Escaped the Abyss
134535 | Pan      | Entered Pandemonium
134703 | Pan      | Found an exit through the horrors of the Abyss.
134838 | Pan      | Got an encrusted spear
134839 | Pan      | Identified the +4 spear "Vichin" {flame, rPois} (You found it in Pandemonium)
134845 | Pan      | Found a runed door.
134857 | Pan      | Found a runed door.
134891 | Pan      | Found a runed door.
135115 | Pan      | Found a runed door.
135198 | Pan      | Noticed Juam the pandemonium lord
135200 | Pan      | Killed Juam the pandemonium lord
135457 | Pan      | Found a glowing silver altar of Zin.
135768 | Pan      | Got an ivory mace
135769 | Pan      | Identified the +6 mace "Pafausel" {elec, rC++ Str+2} (You found it in Pandemonium)
136686 | Pan      | Found a white marble altar of Elyvilon.
137306 | Pan      | Got a pair of faintly humming gloves
137307 | Pan      | Identified the cursed +0 pair of gloves "Bucs" {rElec rPois MP-9 Int+3} (You found it in Pandemonium)
137543 | Pan      | Noticed a seraph
137549 | Pan      | Killed a seraph
137553 | Pan      | Reached skill level 15 in Dodging
137613 | Pan      | Got a pitted emerald amulet
137616 | Pan      | Identified the amulet of Bezosuit {+Rage Int+2} (You took it off an angel in Pandemonium)
137626 | Pan      | Got a crude pewter ring
137627 | Pan      | Identified the ring of Lealezis {rC+ EV+6 Dex+4} (You took it off a seraph in Pandemonium)
137644 | Pan      | Found a glowing golden altar of the Shining One.
137675 | Pan      | Identified the Volume of Dislocated Battle Magic
137677 | Pan      | Identified the Grimoire of Changing and Earth
137713 | Depths:3 | Escaped Pandemonium
137969 | Lair:1   | Upgraded the game from 0.18-a0-1484-g95ebbe1 to 0.18-a0-1496-g27d3123
138200 | Pan      | Entered Pandemonium
138241 | Pan      | Found an exit through the horrors of the Abyss.
138263 | Pan      | Noticed Pusif the pandemonium lord
138266 | Pan      | Killed Pusif the pandemonium lord
139297 | Pan      | Found an exit through the horrors of the Abyss.
139538 | Pan      | Noticed Yfaroc the pandemonium lord
139543 | Pan      | Killed Yfaroc the pandemonium lord
139643 | Pan      | Found an exit through the horrors of the Abyss.
140305 | Pan      | Noticed Fobyst the pandemonium lord
140308 | Pan      | Killed Fobyst the pandemonium lord
140344 | Pan      | Entered the realm of Gloorx Vloq.
140505 | Pan      | Found an exit through the horrors of the Abyss.
141127 | Pan      | Noticed Gloorx Vloq
141137 | Pan      | Killed Gloorx Vloq
141228 | Pan      | Got a dark rune of Zot
141446 | Pan      | Noticed Sufinol the pandemonium lord
141525 | Pan      | Killed Sufinol the pandemonium lord
141647 | Pan      | Found an exit through the horrors of the Abyss.
142134 | Pan      | Entered the realm of Cerebov.
142163 | Pan      | Found an exit through the horrors of the Abyss.
142450 | Pan      | Got a wavering lead amulet
142463 | Pan      | Identified the amulet "Anlikk" {Dismiss rC+ MR+} (You found it in Pandemonium)
142480 | Pan      | Noticed Cerebov
142507 | Pan      | HP: 2/236 [Cerebov/great blast of fire (75)]
142507 | Pan      | Killed Cerebov
142921 | Pan      | Got a smoking scale mail
142922 | Pan      | Identified the +1 scale mail "Hojuehi" {rPois MP-9 Slay+3} (You found it in Pandemonium)
142960 | Pan      | Identified the Catalogue of Boosts
142990 | Pan      | Identified the Compendium of Darkness and Earth (You found it in Pandemonium)
143014 | Pan      | Got a fiery rune of Zot
144025 | Pan      | Noticed Paos the pandemonium lord
144030 | Pan      | Killed Paos the pandemonium lord
144904 | Pan      | Found an exit through the horrors of the Abyss.
145157 | Pan      | Found an exit through the horrors of the Abyss.
145164 | Pan      | Noticed Lese the pandemonium lord
145175 | Pan      | Killed Lese the pandemonium lord
145177 | Pan      | Upgraded the game from 0.18-a0-1496-g27d3123 to 0.18-a0-1507-g69458e0
145886 | Pan      | Took an exit into the Abyss.
145886 | Abyss:1  | Escaped into the Abyss
145895 | Depths:3 | Escaped the Abyss
146369 | Pan      | Entered the realm of Mnoleg.
146369 | Pan      | Entered Pandemonium
146490 | Pan      | Noticed Mnoleg
146496 | Pan      | Killed Mnoleg
146540 | Pan      | Got a glowing rune of Zot
146739 | Pan      | Gained mutation: Your magical capacity is low (-10% MP). [a cacodemon]
146793 | Pan      | Gained mutation: You expend magic power (3 MP) to strengthen your wands. [a neqoxec]
146961 | Pan      | Found an exit through the horrors of the Abyss.
147049 | Pan      | Gained mutation: Your magical capacity is very low (-20% MP). [a cacodemon]
147276 | Pan      | Lost mutation: Your magical capacity is very low (-20% MP). [potion of cure mutation]
147276 | Pan      | Lost mutation: You expend magic power (3 MP) to strengthen your wands. [potion of cure mutation]
147276 | Pan      | Lost mutation: Your magical capacity is low (-10% MP). [potion of cure mutation]
147396 | Pan      | Gained mutation: Armour fits poorly on your strangely shaped body. [a cacodemon]
147424 | Pan      | Noticed Tedegok the pandemonium lord
147432 | Pan      | Killed Tedegok the pandemonium lord
148130 | Pan      | Found an exit through the horrors of the Abyss.
148809 | Pan      | Found an exit through the horrors of the Abyss.
149770 | Pan      | Found an exit through the horrors of the Abyss.
149812 | Pan      | Found a runed door.
149821 | Pan      | Found a runed door.
149921 | Pan      | Found a runed door.
149987 | Pan      | Found a runed door.
150457 | Pan      | Noticed Xouhuto the pandemonium lord
150461 | Pan      | Killed Xouhuto the pandemonium lord
150531 | Pan      | Found an exit through the horrors of the Abyss.
150539 | Pan      | Noticed Mulua the pandemonium lord
150614 | Pan      | Killed Mulua the pandemonium lord
151521 | Pan      | Found an exit through the horrors of the Abyss.
151631 | Pan      | Noticed Qewugev the pandemonium lord
151637 | Pan      | Killed Qewugev the pandemonium lord
151971 | Pan      | Got a fine ruby amulet
151979 | Pan      | Noticed Causka the pandemonium lord
152113 | Pan      | Noticed Nidilips the pandemonium lord
152138 | Depths:3 | Escaped Pandemonium
152556 | Depths:3 | Killed Nidilips the pandemonium lord
152849 | Lair:1   | Identified the amulet "Muaxt" {Reflect +Fly MR+ Str+4 SH+6} (You found it in Pandemonium)
152867 | Lair:1   | Gained mutation: You are agile. (Dex +2) [potion of mutation]
152867 | Lair:1   | Gained mutation: You are robust (+10% HP). [potion of mutation]
153033 | Zig:1    | Entered Level 1 of a ziggurat
153047 | Zig:2    | Entered Level 2 of a ziggurat
153071 | Zig:3    | Entered Level 3 of a ziggurat
153096 | Zig:4    | Entered Level 4 of a ziggurat
153096 | Zig:4    | Noticed Gyugoosu the pandemonium lord
153102 | Zig:4    | Killed Gyugoosu the pandemonium lord
153155 | Zig:5    | Entered Level 5 of a ziggurat
153184 | Zig:5    | Identified a +3 rod of clouds (11/11) (You found it on level 5 of a ziggurat)
153223 | Zig:6    | Entered Level 6 of a ziggurat
153278 | Zig:6    | Got a transparent iron ring
153284 | Zig:7    | Entered Level 7 of a ziggurat
153328 | Zig:7    | Identified the ring of Leaves {rC+ Dex+3 Stlth+} (You found it on level 6 of a ziggurat)
153339 | Zig:7    | Got an ivory morningstar
153349 | Zig:7    | Identified the +6 morningstar of the Forsaken Gods {crush, rElec rPois rF+++} (You found it on level 7 of a ziggurat)
153355 | Zig:8    | Entered Level 8 of a ziggurat
153367 | Zig:8    | Noticed an ancient lich
153374 | Zig:8    | Killed an ancient lich
153404 | Zig:8    | Got a transparent quarterstaff
153410 | Zig:8    | Identified the +4 quarterstaff of Maixt {venom, SInv} (You found it on level 8 of a ziggurat)
153432 | Zig:9    | Entered Level 9 of a ziggurat
153498 | Zig:10   | Entered Level 10 of a ziggurat
153585 | Zig:11   | Entered Level 11 of a ziggurat
153644 | Zig:12   | Entered Level 12 of a ziggurat
153824 | Zig:12   | Identified the Almanac of Flight (You found it on level 12 of a ziggurat)
153831 | Zig:12   | Learned a level 5 spell: Silence
153862 | Zig:13   | Entered Level 13 of a ziggurat
153970 | Zig:13   | Got a pitted flail
153982 | Zig:13   | Identified the cursed +0 flail "Harask" {drain, rPois rC++} (You found it on level 13 of a ziggurat)
153992 | Zig:14   | Entered Level 14 of a ziggurat
154033 | Zig:14   | Reached skill level 27 in Conjurations
154061 | Zig:14   | Lost mutation: You are robust (+10% HP). [a shining eye]
154144 | Zig:14   | Identified a +4 rod of ignition (13/13) (You found it on level 12 of a ziggurat)
154168 | Zig:14   | Got a wavering crystal amulet
154169 | Zig:14   | Identified the amulet of the Many Cities {rF+ Regen+} (You found it on level 14 of a ziggurat)
154186 | Zig:15   | Entered Level 15 of a ziggurat
154200 | Zig:15   | Noticed an ancient lich
154207 | Zig:15   | Killed an ancient lich
154260 | Zig:15   | Got a scorched silver amulet
154261 | Zig:15   | Identified the amulet of Plog {Dismiss rC+ rN+} (You found it on level 15 of a ziggurat)
154269 | Zig:15   | Identified a +2 rod of inaccuracy (13/13) (You found it on level 15 of a ziggurat)
154381 | Zig:16   | Entered Level 16 of a ziggurat
154450 | Zig:16   | Got an iridescent flail
154451 | Zig:16   | Identified the +9 flail of Ohealluf {crush, rElec Str-5 Int+2 Dex+6} (You found it on level 16 of a ziggurat)
154461 | Zig:16   | Identified Nyaffu's Compendium of Boosting Sinister Rites
154489 | Zig:16   | Learned a level 7 spell: Ring of Flames
154502 | Zig:17   | Entered Level 17 of a ziggurat
154520 | Zig:17   | Noticed a greater mummy
154520 | Zig:17   | Noticed a greater mummy
154520 | Zig:17   | Noticed a greater mummy
154522 | Zig:17   | Noticed a greater mummy
154524 | Zig:17   | Noticed a greater mummy
154525 | Zig:17   | Killed a greater mummy
154526 | Zig:17   | Noticed a greater mummy
154527 | Zig:17   | Killed a greater mummy
154527 | Zig:17   | Killed a greater mummy
154527 | Zig:17   | Killed a greater mummy
154528 | Zig:17   | Noticed a greater mummy
154528 | Zig:17   | Killed a greater mummy
154529 | Zig:17   | Noticed a greater mummy
154529 | Zig:17   | Killed a greater mummy
154530 | Zig:17   | Killed a greater mummy
154532 | Zig:17   | Noticed a greater mummy
154532 | Zig:17   | Killed a greater mummy
154538 | Zig:17   | Noticed a greater mummy
154540 | Zig:17   | Killed a greater mummy
154546 | Zig:17   | Killed a greater mummy
154589 | Zig:17   | Got a bound emerald amulet
154590 | Zig:17   | Identified the amulet of Evycahat {+Rage rC- Int+5} (You found it on level 17 of a ziggurat)
154606 | Zig:17   | Identified Loopiobu's Handbook of the Ensnaring Rocks
154625 | Zig:17   | Upgraded the game from 0.18-a0-1507-g69458e0 to 0.18-a0-1514-g6ed9364
154651 | Zig:18   | Entered Level 18 of a ziggurat
154665 | Zig:18   | Noticed a juggernaut
154674 | Zig:18   | Noticed a juggernaut
154687 | Zig:18   | Noticed a juggernaut
154688 | Zig:18   | Killed a juggernaut
154703 | Zig:18   | Killed a juggernaut
154703 | Zig:18   | Killed a juggernaut
154710 | Zig:18   | Noticed a juggernaut
154719 | Zig:18   | Noticed a juggernaut
154722 | Zig:18   | Noticed a juggernaut
154725 | Zig:18   | Killed a juggernaut
154727 | Zig:18   | Killed a juggernaut
154729 | Zig:18   | Killed a juggernaut
154835 | Zig:18   | Got a crude ivory ring
154837 | Zig:18   | Identified the ring "Moqoggam" {rC+ Str+3} (You found it on level 18 of a ziggurat)
154857 | Zig:18   | Identified the Catalogue of Displacement
154894 | Zig:18   | Learned a level 7 spell: Delayed Fireball
154916 | Zig:18   | Identified the Catalogue of Displacement and the Entourage
154933 | Zig:19   | Entered Level 19 of a ziggurat
155205 | Zig:19   | Identified the Collected Works on the Displaced Escort
155221 | Zig:19   | Reached skill level 27 in Fighting
155241 | Zig:19   | Got a coiled wooden ring
155246 | Zig:19   | Identified the ring "Zuralefu" {rPois rC+++ Dex-2 SInv} (You found it on level 19 of a ziggurat)
155267 | Zig:19   | Identified the Collected Works on the Dislocated Arsonist
155310 | Zig:20   | Entered Level 20 of a ziggurat
155438 | Zig:21   | Entered Level 21 of a ziggurat
155849 | Zig:21   | Got a sparkling platinum ring
155853 | Zig:21   | Identified the ring of Sumpaluiz {rElec MR+ MP-9 Slay+4} (You found it on level 21 of a ziggurat)
155858 | Zig:21   | Got a clouded golden amulet
155861 | Zig:21   | Identified the amulet "Ahuagias" {Harm *Drain rN+} (You found it on level 21 of a ziggurat)
155869 | Zig:21   | Got an encrusted cloak
155875 | Zig:21   | Identified the +2 cloak of the Cockatrice {rElec} (You found it on level 21 of a ziggurat)
155880 | Zig:21   | Got a faintly glowing troll leather armour
155881 | Zig:21   | Identified the +4 troll leather armour of the Spheres {Regen+ rCorr MP-9 Int+5} (You found it on level 21 of a ziggurat)
155907 | Zig:21   | Got a brightly glowing brass ring
155912 | Zig:21   | Identified the ring of Ifferairgh {rC+ MR+ Stlth+} (You found it on level 21 of a ziggurat)
155927 | Zig:21   | Identified the Disquisition on the Entourage
155981 | Zig:22   | Entered Level 22 of a ziggurat
156100 | Zig:22   | Got a crystal morningstar
156101 | Zig:22   | Identified the +6 morningstar of Ocri {crush, rF+} (You found it on level 22 of a ziggurat)
156127 | Zig:22   | Identified the Tome of Arcane Weapons
156155 | Zig:22   | Got an encrusted plate armour
156156 | Zig:22   | Identified the +8 plate armour of True Grit {rF++ rC- Str-3 Dex+8} (You found it on level 22 of a ziggurat)
156281 | Zig:23   | Entered Level 23 of a ziggurat
156307 | Zig:23   | Noticed Keor the pandemonium lord
156310 | Zig:23   | Killed Keor the pandemonium lord
156431 | Zig:23   | Learned a level 5 spell: Lee's Rapid Deconstruction
156535 | Zig:24   | Entered Level 24 of a ziggurat
156698 | Zig:24   | Identified the Reference Book on Ghastly Ice (You found it on level 24 of a ziggurat)
156727 | Zig:24   | Got a steaming glass ring
156728 | Zig:24   | Identified the ring "Fuappad" {*Tele Dex+4} (You found it on level 24 of a ziggurat)
156733 | Zig:24   | Got a pitted copper ring
156734 | Zig:24   | Identified the ring "Xoic" {rElec rPois MR+} (You found it on level 24 of a ziggurat)
156741 | Zig:24   | Got a coiled wooden ring
156742 | Zig:24   | Identified the ring of Geaxke {*Tele MR+ Dex+2} (You found it on level 24 of a ziggurat)
156772 | Zig:24   | Upgraded the game from 0.18-a0-1514-g6ed9364 to 0.18-a0-1515-g333d932
156776 | Zig:25   | Entered Level 25 of a ziggurat
156834 | Zig:25   | Noticed Sonwetee the pandemonium lord
156837 | Zig:25   | Killed Sonwetee the pandemonium lord
156988 | Zig:25   | Reached skill level 27 in Fire Magic
156996 | Zig:25   | Lost mutation: Armour fits poorly on your strangely shaped body. [potion of cure mutation]
156996 | Zig:25   | Lost mutation: You are agile. (Dex +2) [potion of cure mutation]
156997 | Zig:25   | Gained mutation: Your muscles are strong. (Str +2) [potion of beneficial mutation]
157006 | Zig:25   | Got a brightly glowing leather armour
157007 | Zig:25   | Identified the +1 leather armour "Oclowux" {rElec MP+9} (You found it on level 25 of a ziggurat)
157012 | Zig:25   | Identified a +4 rod of inaccuracy (10/10) (You found it on level 25 of a ziggurat)
157035 | Zig:25   | Got a warped whip
157036 | Zig:25   | Identified the +10 whip "Hell-Harrower" {freeze, *Drain +Inv rElec rN+} (You found it on level 25 of a ziggurat)
157063 | Zig:25   | Reached skill level 27 in Ice Magic
157107 | Zig:26   | Entered Level 26 of a ziggurat
157124 | Zig:26   | Noticed a juggernaut
157133 | Zig:26   | Noticed a juggernaut
157134 | Zig:26   | Noticed a juggernaut
157139 | Zig:26   | Killed a juggernaut
157140 | Zig:26   | Noticed a juggernaut
157140 | Zig:26   | Killed a juggernaut
157140 | Zig:26   | Killed a juggernaut
157141 | Zig:26   | Noticed a juggernaut
157142 | Zig:26   | Noticed a juggernaut
157144 | Zig:26   | Noticed a juggernaut
157144 | Zig:26   | Noticed a juggernaut
157144 | Zig:26   | Noticed a juggernaut
157144 | Zig:26   | Noticed a juggernaut
157144 | Zig:26   | Noticed a juggernaut
157145 | Zig:26   | Killed a juggernaut
157145 | Zig:26   | Reached skill level 27 in Spellcasting
157145 | Zig:26   | Reached skill level 1 in Hexes
157146 | Zig:26   | Killed a juggernaut
157146 | Zig:26   | Killed a juggernaut
157146 | Zig:26   | Killed a juggernaut
157146 | Zig:26   | Killed a juggernaut
157147 | Zig:26   | Noticed a juggernaut
157150 | Zig:26   | Killed a juggernaut
157150 | Zig:26   | Reached skill level 5 in Hexes
157153 | Zig:26   | Killed a juggernaut
157153 | Zig:26   | Killed a juggernaut
157155 | Zig:26   | Killed a juggernaut
157226 | Zig:26   | Got a steaming brass ring
157227 | Zig:26   | Identified the ring "Mahysuty" {*Confuse rC+ rN+ Dex+10} (You found it on level 26 of a ziggurat)
157265 | Zig:26   | Identified a +7 rod of clouds (14/14) (You found it on level 26 of a ziggurat)
157271 | Zig:26   | Got a fine whip
157274 | Zig:26   | Identified the +0 whip of Experimentation {freeze, Str+2 Stlth+} (You found it on level 26 of a ziggurat)
157309 | Zig:26   | Got an encrusted chain mail
157313 | Zig:26   | Identified the +4 chain mail of Hopscotch {rElec rF+ Int-4 Stlth+} (You found it on level 26 of a ziggurat)
157319 | Zig:26   | Got a spiked scale mail
157326 | Zig:26   | Identified the +3 scale mail of Bigi {Slay+2} (You found it on level 26 of a ziggurat)
157358 | Zig:27   | Entered Level 27 of a ziggurat
157418 | Zig:27   | Reached skill level 10 in Hexes
157484 | Zig:27   | Got a smoking lead amulet
157487 | Zig:27   | Identified the amulet of Fyinurgh {Dismiss Int+3} (You found it on level 27 of a ziggurat)
157506 | Zig:27   | Identified Ludetezu's Catalogue of the Rocks
157587 | Zig:27   | Got a warped lead ring
157594 | Zig:27   | Identified the ring "Veorair" {*Tele rC+} (You found it on level 27 of a ziggurat)
158142 | Pan      | Entered Pandemonium
158669 | Pan      | Found an exit through the horrors of the Abyss.
158823 | Pan      | Noticed Hilup the pandemonium lord
158834 | Pan      | Killed Hilup the pandemonium lord
158920 | Pan      | Noticed Hopitu the pandemonium lord
158925 | Pan      | Killed Hopitu the pandemonium lord
159059 | Pan      | Gained mutation: Armour fits poorly on your strangely shaped body. [a neqoxec]
159062 | Pan      | Lost mutation: Your muscles are strong. (Str +2) [potion of cure mutation]
159062 | Pan      | Lost mutation: Armour fits poorly on your strangely shaped body. [potion of cure mutation]
159344 | Pan      | Found an exit through the horrors of the Abyss.
159575 | Pan      | Cast into level 2 of the Abyss (reaper)
159665 | Pan      | Escaped the Abyss
159770 | Pan      | Noticed Arkorax's ghost (adept HEBe)
159775 | Pan      | Killed Arkorax's ghost
159844 | Pan      | Noticed Lunoot the pandemonium lord
159851 | Pan      | Killed Lunoot the pandemonium lord
159939 | Pan      | Entered the realm of Lom Lobon.
160179 | Pan      | Found an exit through the horrors of the Abyss.
160923 | Pan      | Noticed Lom Lobon
160973 | Pan      | Killed Lom Lobon
161157 | Pan      | Got a magical rune of Zot
161799 | Pan      | Took an exit into the Abyss.
161799 | Abyss:1  | Escaped into the Abyss
161811 | Abyss:1  | Got a twisted scale mail
161874 | Depths:3 | Escaped the Abyss
161875 | Depths:3 | Upgraded the game from 0.18-a0-1515-g333d932 to 0.18-a0-1526-gcb34c7c
161886 | Depths:3 | Identified the +3 scale mail "Veich" {rElec Int+4 Dex+4} (You found it on level 1 of the Abyss)
162310 | Slime:1  | Entered Level 1 of the Pits of Slime
162657 | Slime:6  | Entered Level 6 of the Pits of Slime
162929 | Slime:6  | Noticed the Royal Jelly
163020 | Slime:6  | Killed the Royal Jelly
163370 | Slime:6  | Got a slimy rune of Zot
163391 | Slime:6  | Got a brightly glowing scale mail
163406 | Slime:6  | Got a dazzling morningstar
163449 | Slime:6  | Got a fine pewter amulet
163453 | Slime:6  | Identified Sif Muna's Grimoire of the Igneous Escort (You found it on level 6 of the Pits of Slime)
163500 | Slime:6  | Got a blackened whip
163782 | Lair:1   | Identified the +7 scale mail of the Saviour {Int+2 Dex+4} (You found it on level 6 of the Pits of Slime)
163793 | Lair:1   | Identified the +2 morningstar "Ochalues" {freeze, Dex+4} (You found it on level 6 of the Pits of Slime)
163794 | Lair:1   | Identified the cursed +1 whip "Jellyslayer" {slash, Stlth+} (You found it on level 6 of the Pits of Slime)
163820 | Lair:1   | Got a slimy crystal plate armour
163831 | Lair:1   | Identified the +8 crystal plate armour of Afamenac {+Fly rPois} (You acquired it on level 1 of the Lair of Beasts)
164327 | Tomb:2   | Noticed a greater mummy
164328 | Tomb:2   | Noticed a greater mummy
164331 | Tomb:1   | Killed a greater mummy
164360 | Tomb:1   | Killed a greater mummy
164524 | Tomb:2   | Killed a greater mummy
164526 | Tomb:2   | Killed a greater mummy
164959 | Tomb:1   | Noticed a greater mummy
164959 | Tomb:1   | Noticed a greater mummy
164962 | Tomb:1   | Killed a greater mummy
164962 | Tomb:1   | Killed a greater mummy
164981 | Tomb:1   | Noticed a greater mummy
164981 | Tomb:1   | Noticed a greater mummy
164985 | Tomb:1   | Killed a greater mummy
164985 | Tomb:1   | Killed a greater mummy
164987 | Tomb:1   | Noticed a greater mummy
164994 | Tomb:1   | Killed a greater mummy
165108 | Tomb:1   | Noticed a greater mummy
165115 | Tomb:1   | Killed a greater mummy
165121 | Tomb:1   | Noticed a greater mummy
165125 | Tomb:1   | Killed a greater mummy
165197 | Tomb:1   | Noticed a greater mummy
165313 | Tomb:1   | Killed a greater mummy
165322 | Tomb:1   | Noticed a greater mummy
165328 | Tomb:1   | Killed a greater mummy
165439 | Tomb:1   | Noticed a greater mummy
165444 | Tomb:1   | Killed a greater mummy
165540 | Tomb:1   | Noticed a greater mummy
165552 | Tomb:1   | Killed a greater mummy
165713 | Tomb:1   | Noticed a greater mummy
165714 | Tomb:1   | Noticed a greater mummy
165717 | Tomb:1   | Killed a greater mummy
165717 | Tomb:1   | Killed a greater mummy
165809 | Tomb:1   | Noticed a greater mummy
165819 | Tomb:1   | Killed a greater mummy
165838 | Tomb:1   | Noticed a greater mummy
165846 | Tomb:1   | Killed a greater mummy
165985 | Tomb:1   | Noticed a greater mummy
165994 | Tomb:1   | Killed a greater mummy
166206 | Tomb:3   | Entered Level 3 of the Tomb of the Ancients
166309 | Tomb:3   | Noticed a greater mummy
166313 | Tomb:3   | Noticed a greater mummy
166333 | Tomb:3   | Noticed a greater mummy
166333 | Tomb:3   | Noticed a greater mummy
166334 | Tomb:3   | Killed a greater mummy
166335 | Tomb:3   | Killed a greater mummy
166336 | Tomb:3   | Killed a greater mummy
166337 | Tomb:3   | Killed a greater mummy
166522 | Tomb:3   | Noticed a greater mummy
166528 | Tomb:3   | Killed a greater mummy
166534 | Tomb:3   | Noticed a greater mummy
166545 | Tomb:3   | Killed a greater mummy
166716 | Tomb:3   | Noticed a greater mummy
166724 | Tomb:3   | Killed a greater mummy
166736 | Tomb:3   | Noticed a greater mummy
166744 | Tomb:3   | Killed a greater mummy
166875 | Tomb:3   | Noticed an ancient lich
166885 | Tomb:3   | Killed an ancient lich
167021 | Tomb:3   | Got a vibrating pewter ring
167044 | Tomb:3   | Identified the Incunabulum of Flying Aid
167053 | Tomb:3   | Got a brightly glowing marble ring
167067 | Tomb:3   | Got a pair of scorched gloves
167086 | Tomb:3   | Identified the ring of Jyabokle {*Corrode rN+ MP+9 Dex+4} (You found it on level 3 of the Tomb of the Ancients)
167088 | Tomb:3   | Identified the ring "Ixesta" {rC+ rN+ Str+6} (You found it on level 3 of the Tomb of the Ancients)
167089 | Tomb:3   | Identified the +1 pair of gloves of the Buccaneer {-Tele *Corrode rElec SInv} (You found it on level 3 of the Tomb of the Ancients)
167092 | Tomb:3   | Identified the amulet of No Interval {RegenMP MR- MP+9 Dex-5 SInv} (You found it on level 6 of the Pits of Slime)
167171 | Tomb:3   | Got a golden rune of Zot
167394 | Tomb:3   | Got a sparkling bone ring
167396 | Tomb:3   | Identified the ring "Firoceh" {rF- Dex+9 SInv} (You found it on level 3 of the Tomb of the Ancients)
167486 | Tomb:3   | Got a heavily runed ring mail
167497 | Tomb:3   | Identified the cursed +0 ring mail "Osonnifi" {rCorr} (You found it on level 3 of the Tomb of the Ancients)
168331 | Hell     | Entered the Vestibule of Hell
168331 | Hell     | Noticed Geryon
168410 | Hell     | Killed Geryon
168816 | Hell     | Found a gateway to the ashen valley of Gehenna.
168930 | Hell     | Found a gateway to the Iron City of Dis.
168996 | Hell     | Found a gateway to the freezing wastes of Cocytus.
169115 | Hell     | Found a gateway to the decaying netherworld of Tartarus.
169279 | Hell     | Upgraded the game from 0.18-a0-1526-gcb34c7c to 0.18-a0-1542-g9c1a92e
169304 | Coc:1    | Entered Level 1 of Cocytus
169966 | Coc:7    | Entered Level 7 of Cocytus
170236 | Coc:7    | Noticed the Serpent of Hell
170251 | Coc:7    | Killed the Serpent of Hell
170843 | Coc:7    | Noticed Antaeus
170863 | Coc:7    | Killed Antaeus
170912 | Coc:7    | Got an icy rune of Zot
170955 | Coc:7    | Got a blackened eveningstar
170961 | Coc:7    | Identified the +8 eveningstar "Bung" {drain, rC+ MP+9 Dex+3} (You found it on level 7 of Cocytus)
171161 | Hell     | Upgraded the game from 0.18-a0-1542-g9c1a92e to 0.18-a0-1549-g08f95da
171207 | Tar:1    | Entered Level 1 of Tartarus
172140 | Tar:7    | Entered Level 7 of Tartarus
172710 | Tar:7    | Got a faintly glowing silver ring
172711 | Tar:7    | Identified the ring "Legoexiss" {rPois Dex+3} (You found it on level 7 of Tartarus)
172732 | Tar:7    | Got a warped plate armour
172873 | Tar:7    | Noticed Ereshkigal
173274 | Tar:7    | Killed Ereshkigal
173313 | Tar:7    | Identified Sif Muna's Reference Book on Hexes and Toxins
173317 | Tar:7    | Identified the Incunabulum of Execration and Stones
173322 | Tar:7    | Got a bone rune of Zot
173324 | Tar:7    | Got a crude plate armour
173457 | Tar:7    | Identified a +4 rod of clouds (9/9) (You found it on level 7 of Tartarus)
173765 | Geh:1    | Entered Level 1 of Gehenna
174339 | Geh:6    | Gained mutation: You are occasionally teleported next to monsters. [mutagenic glow]
174406 | Geh:6    | Lost mutation: You are occasionally teleported next to monsters. [potion of cure mutation]
174476 | Geh:6    | Gained mutation: Armour fits poorly on your strangely shaped body. [mutagenic glow]
174554 | Geh:7    | Entered Level 7 of Gehenna
175240 | Geh:7    | Noticed Asmodeus
175265 | Geh:7    | Killed Asmodeus
175323 | Geh:7    | Got an obsidian rune of Zot
175588 | Hell     | Upgraded the game from 0.18-a0-1549-g08f95da to 0.18-a0-1561-g7b1e397
175588 | Hell     | Upgraded the game from 0.18-a0-1561-g7b1e397 to 0.18-a0-1563-g3d1bdcc
175624 | Dis:1    | Entered Level 1 of the Iron City of Dis
175651 | Hell     | Gained mutation: You are dopey. (Int -2) [mutagenic glow]
176699 | Dis:6    | Lost mutation: Armour fits poorly on your strangely shaped body. [potion of cure mutation]
176699 | Dis:6    | Lost mutation: You are dopey. (Int -2) [potion of cure mutation]
176969 | Dis:7    | Entered Level 7 of the Iron City of Dis
177478 | Dis:7    | Gained mutation: You are frail (-10% HP). [mutagenic glow]
177479 | Dis:7    | Reached skill level 27 in Dodging
177816 | Dis:7    | Noticed Dispater
177835 | Dis:7    | Killed Dispater
177911 | Dis:7    | Got an iron rune of Zot
178248 | Lair:1   | Identified the cursed +1 plate armour of Relativism {rPois rC+} (You found it on level 7 of Tartarus)
178272 | Lair:1   | Identified the +3 plate armour "Omefenimp" {rCorr Int+5 Dex+3} (You found it on level 7 of Tartarus)
178378 | Lair:1   | Lost mutation: You are frail (-10% HP). [potion of cure mutation]
178419 | Lair:1   | Learned a level 1 spell: Summon Butterflies
178538 | Lair:1   | Upgraded the game from 0.18-a0-1563-g3d1bdcc to 0.18-a0-1572-g0a86841
178579 | Zig:1    | Entered Level 1 of a ziggurat
178612 | Zig:2    | Entered Level 2 of a ziggurat
178762 | Zig:3    | Entered Level 3 of a ziggurat
178815 | Zig:4    | Entered Level 4 of a ziggurat
178851 | Zig:5    | Entered Level 5 of a ziggurat
178885 | Zig:6    | Entered Level 6 of a ziggurat
179094 | Zig:7    | Entered Level 7 of a ziggurat
179133 | Zig:7    | Got a smoking ring mail
179153 | Zig:7    | Identified the +5 ring mail of Magic {rF+} (You found it on level 7 of a ziggurat)
179171 | Zig:8    | Entered Level 8 of a ziggurat
179229 | Zig:8    | Identified the Reference Book on Confrontation and Heat
179235 | Zig:8    | Got a fine plate armour
179256 | Zig:8    | Identified the +10 plate armour of Ejurphubo {-Cast rF+++ MR++ Dex-2} (You found it on level 8 of a ziggurat)
179265 | Zig:8    | Got a dazzling shield
179277 | Zig:8    | Identified the -1 shield "Uceate" {Int+7} (You acquired it on level 8 of a ziggurat)
179306 | Zig:9    | Entered Level 9 of a ziggurat
179383 | Zig:10   | Entered Level 10 of a ziggurat
179424 | Zig:10   | Identified a +3 rod of ignition (13/13) (You found it on level 10 of a ziggurat)
179428 | Zig:10   | Identified the Disquisition on Hurtful Ignition
179449 | Zig:10   | Got a coiled golden ring
179484 | Zig:10   | Identified the ring "Sooza" {rElec rPois MR+ SInv} (You found it on level 10 of a ziggurat)
179494 | Zig:11   | Entered Level 11 of a ziggurat
179784 | Zig:11   | Got a faintly humming plate armour
179791 | Zig:11   | Identified Qezikh's Disquisition on Beguiling
179810 | Zig:11   | Identified the +7 plate armour of Serendipity {rF+ rN+} (You found it on level 11 of a ziggurat)
179831 | Zig:12   | Entered Level 12 of a ziggurat
179854 | Zig:12   | Reached skill level 27 in Shields
179904 | Zig:12   | Identified the Grimoire of Arcane Weapons and Heat
179913 | Zig:12   | Got a smoking marble ring
179922 | Zig:12   | Identified the Reference Book on Moulding and Poisoning
179941 | Zig:12   | Identified the Collected Works on Floating Boosts
179956 | Zig:12   | Gained mutation: You have large cloven feet. [potion of beneficial mutation]
179957 | Zig:12   | Identified the ring of Lesser Demons {rCorr +Inv rElec} (You found it on level 12 of a ziggurat)
179966 | Zig:13   | Entered Level 13 of a ziggurat
179975 | Zig:13   | Noticed Fazishus the pandemonium lord
179982 | Zig:13   | Killed Fazishus the pandemonium lord
180024 | Zig:13   | Got a sparkling granite ring
180031 | Zig:13   | Got a heavily runed iron ring
180050 | Zig:13   | Identified the ring of Zuleal Qung {SustAt *Corrode MP+9 Str-2 Int+8} (You found it on level 13 of a ziggurat)
180052 | Zig:13   | Identified the ring of Dywusmun {rC+ AC+3 Int+2} (You found it on level 13 of a ziggurat)
180063 | Zig:14   | Entered Level 14 of a ziggurat
180073 | Zig:14   | Noticed an ancient lich
180078 | Zig:14   | Noticed an ancient lich
180082 | Zig:14   | Killed an ancient lich
180083 | Zig:14   | Killed an ancient lich
180084 | Zig:14   | Killed an ancient lich
180115 | Zig:14   | Got a shimmering plate armour
180130 | Zig:14   | Identified the +4 plate armour "Exzietwalaur" {-Cast Int+8 Dex+5} (You found it on level 14 of a ziggurat)
180149 | Zig:15   | Entered Level 15 of a ziggurat
180252 | Zig:15   | Reached skill level 27 in Armour
180252 | Zig:15   | Reached skill level 5 in Transmutations
180258 | Zig:15   | Upgraded the game from 0.18-a0-1572-g0a86841 to 0.18-a0-1574-g3f9d221
180260 | Zig:16   | Entered Level 16 of a ziggurat
180276 | Zig:16   | Noticed an ancient lich
180280 | Zig:16   | Noticed an ancient lich
180280 | Zig:16   | Killed an ancient lich
180280 | Zig:16   | Reached skill level 10 in Transmutations
180286 | Zig:16   | Killed an ancient lich
180313 | Zig:16   | Got a pitted pewter ring
180335 | Zig:16   | Got a dazzling plate armour
180348 | Zig:16   | Identified the +10 plate armour "Vefu" {Dex+5} (You found it on level 16 of a ziggurat)
180368 | Zig:16   | Identified the ring of Life {rPois rF+ Stlth+} (You found it on level 16 of a ziggurat)
180380 | Zig:17   | Entered Level 17 of a ziggurat
180391 | Zig:17   | Noticed Deahif the pandemonium lord
180393 | Zig:17   | Noticed Parots the pandemonium lord
180395 | Zig:17   | Noticed Urreaneo the pandemonium lord
180395 | Zig:17   | Noticed Idiptam the pandemonium lord
180395 | Zig:17   | Noticed Esamyasi the pandemonium lord
180395 | Zig:17   | Noticed Abiban the pandemonium lord
180396 | Zig:17   | Killed Deahif the pandemonium lord
180396 | Zig:17   | Killed Idiptam the pandemonium lord
180397 | Zig:17   | Noticed Mosaor Ataut the pandemonium lord
180397 | Zig:17   | Noticed Xuxtuh the pandemonium lord
180397 | Zig:17   | Killed Parots the pandemonium lord
180399 | Zig:17   | Killed Abiban the pandemonium lord
180399 | Zig:17   | Killed Esamyasi the pandemonium lord
180400 | Zig:17   | Killed Urreaneo the pandemonium lord
180401 | Zig:17   | Noticed Soseclu the pandemonium lord
180401 | Zig:17   | Noticed Aressal the pandemonium lord
180401 | Zig:17   | Killed Xuxtuh the pandemonium lord
180405 | Zig:17   | Killed Aressal the pandemonium lord
180406 | Zig:17   | Killed Mosaor Ataut the pandemonium lord
180406 | Zig:17   | Killed Soseclu the pandemonium lord
180407 | Zig:17   | Noticed Diynweis the pandemonium lord
180412 | Zig:17   | Killed Diynweis the pandemonium lord
180592 | Zig:17   | Got a wavering silver ring
180603 | Zig:17   | Identified the ring of Midsummer {+Inv rC+ rN+ MR+} (You found it on level 17 of a ziggurat)
180622 | Zig:17   | Got a vibrating lead ring
180627 | Zig:17   | Identified the ring "Souwk" {rF+ MP+9} (You found it on level 17 of a ziggurat)
180640 | Zig:17   | Got a pitted marble ring
180644 | Zig:17   | Identified the ring of Naecre {AC+3 Str+6} (You found it on level 17 of a ziggurat)
180663 | Zig:17   | Got a slimy pewter ring
180665 | Zig:17   | Identified the ring of Generosity {*Drain +Fly rElec Dex+3} (You found it on level 17 of a ziggurat)
180692 | Zig:17   | Upgraded the game from 0.18-a0-1574-g3f9d221 to 0.18-a0-1628-g61c6396
180694 | Zig:18   | Entered Level 18 of a ziggurat
180762 | Zig:18   | Identified a +1 rod of inaccuracy (10/10) (You found it on level 18 of a ziggurat)
180765 | Zig:18   | Identified the Volume of Moulding
180803 | Zig:19   | Entered Level 19 of a ziggurat
180838 | Zig:19   | Noticed an ancient lich
180840 | Zig:19   | Killed an ancient lich
180854 | Zig:19   | Noticed an ancient lich
180855 | Zig:19   | Killed an ancient lich
180949 | Zig:19   | Got a translucent tin ring
180951 | Zig:19   | Identified the ring of Xufralya {*Contam MP+9 Dex-5 Slay+4 SInv} (You found it on level 19 of a ziggurat)
180959 | Zig:19   | Identified the Tome of Articulation
180969 | Zig:19   | Identified the Reference Book on Enchantment
181244 | Zig:20   | Entered Level 20 of a ziggurat
181392 | Zig:20   | Got a pitted granite ring
181393 | Zig:20   | Identified the ring "Vakihiz" {MR+ Int+4 Dex+2} (You found it on level 20 of a ziggurat)
181398 | Zig:20   | Identified Ceicsun's Incunabulum of Moulding and Necromancy (You found it on level 20 of a ziggurat)
181404 | Zig:21   | Entered Level 21 of a ziggurat
181418 | Zig:21   | Noticed an orb of fire
181419 | Zig:21   | Noticed an orb of fire
181420 | Zig:21   | Noticed an orb of fire
181421 | Zig:21   | Noticed an orb of fire
181421 | Zig:21   | Gained mutation: You regenerate slowly when monsters are visible. [an orb of fire]
181423 | Zig:21   | Noticed an orb of fire
181423 | Zig:21   | Killed an orb of fire
181423 | Zig:21   | Killed an orb of fire
181423 | Zig:21   | Gained mutation: You are clumsy. (Dex -2) [an orb of fire]
181424 | Zig:21   | Noticed an orb of fire
181424 | Zig:21   | Noticed an orb of fire
181426 | Zig:21   | Killed an orb of fire
181426 | Zig:21   | Gained mutation: You are covered in fur (AC +1). [an orb of fire]
181426 | Zig:21   | Gained mutation: You are weak. (Str -2) [an orb of fire]
181427 | Zig:21   | Gained mutation: You are frail (-10% HP). [an orb of fire]
181427 | Zig:21   | Killed an orb of fire
181432 | Zig:21   | Killed an orb of fire
181433 | Zig:21   | Killed an orb of fire
181433 | Zig:21   | Killed an orb of fire
181434 | Zig:21   | Lost mutation: You are frail (-10% HP). [potion of cure mutation]
181434 | Zig:21   | Lost mutation: You are clumsy. (Dex -2) [potion of cure mutation]
181434 | Zig:21   | Lost mutation: You are weak. (Str -2) [potion of cure mutation]
181434 | Zig:21   | Lost mutation: You are covered in fur (AC +1). [potion of cure mutation]
181434 | Zig:21   | Lost mutation: You have large cloven feet. [potion of cure mutation]
181437 | Zig:21   | Noticed an orb of fire
181442 | Zig:21   | Noticed an orb of fire
181442 | Zig:21   | Noticed an orb of fire
181443 | Zig:21   | Gained mutation: Scrolls take you a little longer to read. [an orb of fire]
181444 | Zig:21   | Noticed an orb of fire
181445 | Zig:21   | Killed an orb of fire
181446 | Zig:21   | Noticed an orb of fire
181446 | Zig:21   | Noticed an orb of fire
181448 | Zig:21   | Noticed an orb of fire
181449 | Zig:21   | Killed an orb of fire
181449 | Zig:21   | Killed an orb of fire
181450 | Zig:21   | Killed an orb of fire
181450 | Zig:21   | Killed an orb of fire
181451 | Zig:21   | Killed an orb of fire
181453 | Zig:21   | Killed an orb of fire
181477 | Zig:21   | Lost mutation: Scrolls take you a little longer to read. [potion of cure mutation]
181478 | Zig:21   | Lost mutation: You regenerate slowly when monsters are visible. [potion of cure mutation]
181490 | Zig:21   | Got a scintillating ivory ring
181503 | Zig:21   | Got a jewelled shield
181515 | Zig:21   | Identified the +0 shield "Qeimitruisk" {SInv} (You found it on level 21 of a ziggurat)
181526 | Zig:21   | Identified the ring "Viecouhu" {rPois rN++ Str+4 Int+2} (You found it on level 21 of a ziggurat)
181538 | Zig:22   | Entered Level 22 of a ziggurat
181539 | Zig:22   | Upgraded the game from 0.18-a0-1628-g61c6396 to 0.18-a0-1639-g7533f42
181559 | Zig:22   | Noticed Ganwaozy the pandemonium lord
181564 | Zig:22   | Killed Ganwaozy the pandemonium lord
181567 | Zig:22   | Reached skill level 27 in Maces & Flails
181576 | Zig:22   | Reached skill level 15 in Stealth
181619 | Zig:22   | Got a wizard robe
181621 | Zig:22   | Got a bound jade ring
181624 | Zig:22   | Identified the cursed +0 robe of the Hanged Man {rF++ rC- rN+ MR+ Dex-5} (You found it on level 22 of a ziggurat)
181627 | Zig:22   | Identified the ring "Nonimi" {Fire Int+3} (You found it on level 22 of a ziggurat)
181638 | Zig:22   | Got a sparkling granite ring
181639 | Zig:22   | Identified the ring "Fiatzaar" {+Blink rC- Int+6 Stlth-} (You found it on level 22 of a ziggurat)
181647 | Zig:22   | Got a serpentine marble ring
181648 | Zig:22   | Identified the ring of Red Wine {Ice Str+2} (You found it on level 22 of a ziggurat)
181652 | Zig:22   | Got a crude lead ring
181653 | Zig:22   | Identified the ring "Juschyxu" {+Fly rN+} (You found it on level 22 of a ziggurat)
181662 | Zig:23   | Entered Level 23 of a ziggurat
181827 | Zig:24   | Entered Level 24 of a ziggurat
181939 | Zig:24   | Upgraded the game from 0.18-a0-1639-g7533f42 to 0.18-a0-1643-gb89d9db
181945 | Zig:24   | Got a tiger eye-encrusted gold dragon armour
181956 | Zig:24   | Identified the +15 gold dragon armour "Rukk" {rElec rPois rF+ rC+} (You found it on level 24 of a ziggurat)
181971 | Zig:24   | Got a clouded turquoise ring
181972 | Zig:24   | Identified the ring of Waedadgh {rPois Int+3 Slay+2 SInv} (You found it on level 24 of a ziggurat)
181983 | Zig:24   | Got a glittering granite ring
181985 | Zig:24   | Identified the ring of Vimett {rElec rN+ MR+ Dex+3} (You found it on level 24 of a ziggurat)
182022 | Zig:24   | Got a blackened flail
182023 | Zig:24   | Identified the cursed +1 flail "Spiderslayer" {speed, *Rage Fragile rC+ MR+++ Str+4} (You found it on level 24 of a ziggurat)
182045 | Zig:25   | Entered Level 25 of a ziggurat
182195 | Zig:25   | Got a fine flail
182201 | Zig:25   | Identified the +6 flail of the Swamp {drain, +Blink Str+3} (You found it on level 25 of a ziggurat)
182212 | Zig:26   | Entered Level 26 of a ziggurat
182268 | Zig:26   | Noticed Herrn's ghost (legendary FoFi)
182276 | Zig:26   | Killed Herrn's ghost
182553 | Zig:26   | Got a twitching tin ring
182555 | Zig:26   | Identified the ring "Mothiq" {*Corrode rPois Dex+3} (You found it on level 26 of a ziggurat)
182563 | Zig:26   | Identified the Grimoire of Bewitchment (You found it on level 26 of a ziggurat)
182586 | Zig:26   | Got a shimmering granite ring
182587 | Zig:26   | Identified the ring of Yjefi {Wiz rPois rC- rN+} (You found it on level 26 of a ziggurat)
182624 | Zig:27   | Entered Level 27 of a ziggurat
182646 | Zig:27   | Reached skill level 10 in Earth Magic
182716 | Zig:27   | Identified a +0 rod of shadows (12/12) (You found it on level 27 of a ziggurat)
182720 | Zig:27   | Reached skill level 15 in Earth Magic
182725 | Zig:27   | Got an ancient lead ring
182727 | Zig:27   | Identified the ring "Tetrim" {rElec MP+9 Str+4 Int-4 Stlth+} (You found it on level 27 of a ziggurat)
182775 | Lair:1   | Upgraded the game from 0.18-a0-1643-gb89d9db to 0.18-a0-1655-ge2d8d33
182804 | Lair:1   | Got a crude shield
182815 | Lair:1   | Identified the +0 shield of the Vestibule of Hell {rPois Str-4 Dex+8 SInv} (You acquired it on level 1 of the Lair of Beasts)
182826 | Lair:1   | Got a jewelled large shield
182832 | Lair:1   | Identified the +4 large shield of Egalitarianism {*Contam MP+9 Int+8 Dex-2} (You acquired it on level 1 of the Lair of Beasts)
182943 | Depths:1 | Reached skill level 1 in Translocations
183261 | Zot:5    | Reached skill level 5 in Translocations
183305 | Zot:5    | Noticed an ancient lich
183309 | Zot:5    | Killed an ancient lich
183324 | Zot:5    | Reached skill level 10 in Translocations
183341 | Zot:5    | Noticed an orb of fire
183445 | Zot:5    | Noticed an orb of fire
183448 | Zot:5    | Killed an orb of fire
183477 | Zot:5    | Gained mutation: Your body sometimes deteriorates upon taking damage. [an orb of fire]
183478 | Zot:5    | Killed an orb of fire
183480 | Zot:5    | Lost mutation: Your body sometimes deteriorates upon taking damage. [potion of cure mutation]
183600 | Zot:5    | Noticed an ancient lich
183607 | Zot:5    | Killed an ancient lich
183624 | Zot:5    | Noticed an orb of fire
183627 | Zot:5    | Killed an orb of fire
183675 | Zot:5    | Got the Orb of Zot
183739 | Zot:5    | Noticed an ancient lich
183763 | Zot:4    | Noticed Zenanokk the pandemonium lord
183778 | Zot:4    | Killed Zenanokk the pandemonium lord
183778 | Zot:4    | Reached skill level 15 in Translocations
183923 | Zot:1    | Noticed Zum Vawking the pandemonium lord
184409 | D:2      | Noticed Awua the pandemonium lord
184445 | D:$      | Escaped with the Orb!

Vault maps used:
D:1:      dpeg_arrival_tiny_j, hangedman_feature_mirror,
          minmay_misc_feat_ornament, st_stairs_9, kennysheep_decorative_pillar
D:2:      first_bread, minmay_stone_trees_small, xom_teletrap_fun
D:3:      bloody_trog
D:4:      minivault_24, fedhas_altar_fruit_tree, uniq_sigmund,
          uniq_blork_the_orc, uniq_edmund
D:5:      minmay_temple_entry_large_hall, serial_shops, kennysheep_mini_moat
D:7:      serial_shops, shop, minmay_door_square, uniq_duvessa
D:8:      uniq_maurice
D:9:      corexii_shack_village
D:10:     serial_undead, serial_undead_a, serial_undead_c, serial_undead_c,
          serial_undead_a, blue_anna_alchemist
D:11:     erik_lair_island
D:12:     erik_orc_3
D:13:     basic_altar, minmay_diamond_spiral, uniq_erolcha, uniq_nessos,
          uniq_sonja
D:14:     hangedman_vaults_entry_quadrant_bands, nicolae_twisting_strands,
          st_stairs_3
D:15:     hangedman_depths_entry_civil_slaughter, hangedman_decor_opposing,
          minmay_misc_feat_pillars, feat_on_display
Temple:   grunt_circular_temple_18
Lair:1:   minivault_19, serial_bayou_shore_b
Lair:2:   lab_entry_generic, lemuel_fruit_tree, bh_autumn_forest_stairs
Lair:4:   grunt_megastairs_2
Lair:6:   minmay_swamp_entry_eels, guppyfry_snake_entry_garden,
          lemuel_old_faithful, infiniplex_staircase_pool_2
Lair:7:   beast_lair_carwin_large_4, slime_altar_1, special_room,
          grunt_megastairs_4, uniq_rupert
Lair:8:   wormcave, minivault_19, grunt_megastairs_5, serial_bayou_shore_a
Swamp:1:  evilmike_swamp_ruin_house_2, swamp_pool5, hangedman_swamp_cone
Swamp:2:  evilmike_swamp_ruin_house_1, swamp_pool1, infiniplex_staircase_pool,
          uniq_louise
Swamp:3:  evilmike_swamp_ruin_house_3, swamp_pool5, uniq_nikola
Swamp:4:  swamp
Snake:1:  serial_shops, shop
Snake:2:  serial_shops, shop_fountains, evilmike_ambush, uniq_donald,
          uniq_wiglaf, uniq_saint_roka
Snake:4:  snake_pit_salamanders_mu, uniq_vashnia
Slime:5:  cheibrodos_slime_lost_civilization_3
Orc:1:    nicolae_orc_accident_3, uniq_nergalle
Orc:2:    st_orc_ogre_mass, uniq_maud
Elf:1:    elf_arrival_002, basic_altar, minmay_elf_demonology
Elf:2:    minivault_26, st_stairs_14, moated_statue
Elf:3:    grunt_elf_hall_asides, basic_altar
Vaults:1: hangedman_vaults_snaps, special_room_vaults, vaults_room_corners,
          nicolae_vaults_border_crossing, v_pattern_1, hangedman_vaults_slither,
          v_misc_29, nicolae_vaults_little_squares_3,
          nicolae_vaults_little_squares_5, vaults_room_semicircle,
          nicolae_vaults_circle_grid_a, vaults_mumra_chevron_long,
          nicolae_vaults_little_squares_4, ontoclasm_vaults_pinch,
          vaults_dpeg_encased_lava
Vaults:2: v_misc_13, grunt_tower_of_power, vaults_standard_mumra_x, v_misc_23,
          v_misc_32, v_misc_26, vaults_room_fours, vaults_room_semicircle,
          vaults_dpeg_diagonal, v_rooms_5, ontoclasm_vaults_chip, uniq_jory
Vaults:3: minmay_crypt_entry_nasty_monster, nicolae_vaults_ring_of_whatevers,
          v_misc_5, nicolae_vaults_what_the_h, hangedman_vaults_pinch,
          v_pattern_2, nicolae_vaults_arrows, hangedman_vaults_unwind,
          v_alt_pattern_4, grunt_vaults_diagonal, enter_trove_1, uniq_frederick,
          uniq_mara, uniq_boris
Vaults:4: nicolae_vaults_theta, nicolae_vaults_mini_display_case,
          vaults_room_corners, v_rooms_6, nicolae_vaults_angled_halls,
          nicolae_vaults_little_squares_3, vaults_room_corners,
          vaults_room_corners, ontoclasm_vaults_eye, serial_shops, shop
Vaults:5: serial_shops
Crypt:1:  evilmike_wizard_prison, grunt_crypt_arrival_webbed
Crypt:3:  church_of_pain_bobbens, nicolae_tomb_entry_unfolded_pyramid_diagonal
Tomb:1:   uniq_boris, uniq_khufu
Depths:1: pf_vacation_house_of_asmodeus, abyss_entry, grunt_ministairs_14,
          minmay_misc_feat_more_columns, cheibriados_altar_1, grunt_megastairs_1
Depths:2: hangedman_crystal_crosses_colossus, abyss_entry, hell_entry
Depths:3: minmay_concentric_multi, grunt_metal_band, serial_shops,
          bzr_entry_customers, grunt_pan_entry_zigzag, abyss_entry_crystal,
          minivault_22
Depths:4: hangedman_arrow_trap, hell_entry, abyss_entry_small_statue_room,
          grunt_decor_arrowhead, eino_small_chamber_without_monster,
          guppyfry_shop_blood, infiniplex_staircase_zigzag_1,
          serial_bayou_shore_b, serial_bayou_shore_b
Depths:5: evilmike_zot_entry_diamond, hell_entry, lemuel_statue_altar
Dis:3:    door_vault
Dis:7:    dis_hangedman
Geh:4:    nicolae_geh_sunburst, nicolae_geh_lava_in_the_way
Geh:7:    evilmike_geh
Coc:6:    serial_ice, serial_ice_d, serial_ice_k, serial_ice_h, serial_ice_f,
          serial_ice_g, serial_ice_o, serial_ice_n, serial_ice_b, serial_ice_m,
          serial_ice_a
Coc:7:    coc_grunt
Tar:1:    nicolae_tar_cuneiform_to_be
Tar:4:    minmay_shadows
Tar:7:    tar_minmay_river
Zot:4:    lemuel_firehouse
Zot:5:    basic_altar
Abyss:1:  evilmike_abyss_exit_9, hangedman_decor_peaks_small,
          small_statue_intersection, evilmike_abyss_exit_3,
          hangedman_abyss_or_decor_stabs
Abyss:2:  bh_abyss_exit_choice, evilmike_abyss_exit_mutagenic,
          evilmike_abyss_exit_disperse, minivault_26
Abyss:3:  kb_abyss_rune_zappy, evilmike_abyss_exit_chaos,
          hangedman_abyss_rune_flesh_and_stone
Abyss:5:  abyss_furniture_001
Pan:      lemuel_hellion_island, nicolae_pan_door_chamber,
          nicolae_pan_gloorx_vloqian_4, evilmike_mini_pan_diamond,
          pan_blood_fountain_2, nicolae_pan_lom_lobonic_3,
          nicolae_pan_glass_arcs, nicolae_pan_hourglass, lemuel_draining_boxes,
          lemuel_hall_of_pain, pan_blood_fountain, nicolae_pan_gloorx_vloqian_2,
          evilmike_mini_pan_layers, pan_blood_fountain, nicolae_pan_sigil_itan,
          nicolae_pan_glass_arcs, pan_blood_fountain, uniq_mennas_pan,
          evilmike_mini_pan_diamond, rand_demon_8, nicolae_pan_sigil_itan,
          nicolae_pan_sick_transit, rand_demon_1, evilmike_mini_pan_doors_b,
          rand_demon_7, evilmike_holy_pan, nicolae_pan_glass_arcs, rand_demon_5,
          rand_demon_5, pan_captured_pigsty, nicolae_pan_cerebovesque_2,
          evilmike_gloorx_vloq_box, nicolae_pan_lom_lobonic_2, grunt_pan_zigzag,
          nicolae_pan_sick_transit, cerebov_grunt_fire_and_steel,
          pan_disco_hall, evilmike_mini_pan_possible_glass,
          nicolae_pan_gloorx_vloqian_4, mnoleg_st, pan_blood_fountain_small,
          rand_demon_3, evilmike_mini_pan_pillars, nicolae_pan_gloorx_vloqian_2,
          rand_demon_7, nicolae_pan_lom_lobonic_4, nicolae_pan_diamonds,
          pan_blood_fountain, rand_demon_2, pan_blood_fountain_small,
          pan_blood_fountain, nicolae_pan_mnolegish_5, rand_demon_8,
          pan_blood_fountain_2, nicolae_pan_glass_arcs,
          evilmike_mini_pan_doors_b, pan_blood_fountain_2,
          reaverb_pan_chaos_star, rand_demon_4, pan_blood_fountain_small,
          nicolae_pan_double_arrow, pan_blood_fountain_small,
          evilmike_mini_pan_other_thingy, pan_blood_fountain,
          pan_blood_fountain_small, nicolae_pan_cerebovesque_3,
          lom_lobon_spiral_st, pan_blood_fountain_2, pan_blood_fountain_small
Zig:7:    ziggurat_pillar_centre_c
Zig:8:    ziggurat_pillar_centre_smoke
Zig:12:   ziggurat_pillar_centre_oklobs
Zig:14:   ziggurat_loot_2
Zig:18:   ziggurat_pillar_centre_dead_trees
Zig:23:   ziggurat_pillar_centre_more_plants
Zig:27:   ziggurat_pillar_centre_drop
Lab:      nicolae_lab_dead_adventurers, nicolae_lab_very_dead_end,
          nicolae_lab_garden, lab_hedge, nicolae_lab_arrow, nicolae_lab_blocks,
          labyrinth_fake_exit, nicolae_lab_starburst, labyrinth_skeletal_remains
Bazaar:   bazaar_kb_twisted_cavern
Trove:    trove_simple

Skill      XL: |  1  2  3  4  5  6  7  8  9 10 11 12 13 14 15 16 17 18 19 20 21 22 23 24 25 26 27 |
---------------+----------------------------------------------------------------------------------+-----
Ice Magic      | 3 4 5 6 7 8 9 10 11 12 13 14 15 16 27 | 27.0
Maces & Flails | 1 2 4 5 6 7 8 9 10 11 12 13 14 15 16 27 | 27.0
Fighting       | 1 2 3 4 5 6 7 8 9 10 11 12 13 14 15 16 18 19 27 | 27.0
Charms         | 3 4 |  4.0
Armour         | 2 3 4 5 8 9 10 11 12 13 14 27 | 27.0
Spellcasting   | 4 5 6 7 8 9 10 11 12 13 14 15 16 27 | 27.0
Conjurations   | 2 5 6 7 9 10 12 13 14 15 16 17 18 19 27 | 27.0
Air Magic      | 6 7 8 9 |  9.5
Dodging        | 4 5 6 11 27 | 27.0
Evocations     | 5 6 7 10 13 | 13.9
Stealth        | 10 12 13 25 | 25.4
Shields        | 2 4 27 | 27.0
Fire Magic     | 27 | 27.0
Hexes          | 13 | 13.0
Transmutations | 12 | 12.3
Earth Magic    | 16 | 16.0
Translocations | 15 | 15.9

Action                   |  1- 3 |  4- 6 |  7- 9 | 10-12 | 13-15 | 16-18 | 19-21 | 22-24 | 25-27 || total
-------------------------+-------+-------+-------+-------+-------+-------+-------+-------+-------++-------
Melee: Mace              |    52 |   111 |       |       |       |       |       |       |       ||   163
       Morningstar       |       |    22 |   418 |   866 |  1031 |   777 |   447 |  1001 |  3156 ||  7718
       Staff             |       |       |       |       |       |    13 |     3 |     6 |   122 ||   144
       Eveningstar       |       |       |       |       |       |       |       |       |  7614 ||  7614
Throw: Javelin           |       |       |       |     1 |     5 |     1 |     2 |     4 |       ||    13
 Cast: Freeze            |    53 |    69 |    21 |    44 |    11 |     3 |     2 |       |    13 ||   216
       Ozocubu's Armour  |       |     6 |    18 |    66 |   102 |    53 |    66 |    45 |    35 ||   391
       Throw Icicle      |       |       |     1 |   108 |   482 |   442 |   413 |   408 |  1433 ||  3287
       Airstrike         |       |       |       |    27 |     6 |       |       |       |       ||    33
       Static Discharge  |       |       |       |     4 |     2 |       |       |       |       ||     6
       Freezing Cloud    |       |       |       |       |    32 |    61 |   103 |   125 |   499 ||   820
       Bolt of Cold      |       |       |       |       |    12 |     1 |    13 |     6 |       ||    32
       Orb of Destructio |       |       |       |       |       |    52 |    32 |    59 |   169 ||   312
       Ozocubu's Refrige |       |       |       |       |       |    24 |    87 |    71 |    40 ||   222
       Blink             |       |       |       |       |       |     2 |       |     1 |    19 ||    22
       Iron Shot         |       |       |       |       |       |       |       |    24 |   415 ||   439
       Glaciate          |       |       |       |       |       |       |       |       |   919 ||   919
       Fire Storm        |       |       |       |       |       |       |       |       |   562 ||   562
       Shroud of Golubri |       |       |       |       |       |       |       |       |   159 ||   159
       Fireball          |       |       |       |       |       |       |       |       |    42 ||    42
       Delayed Fireball  |       |       |       |       |       |       |       |       |     4 ||     4
       Ring of Flames    |       |       |       |       |       |       |       |       |     3 ||     3
       Summon Butterflie |       |       |       |       |       |       |       |       |     1 ||     1
 Abil: Evoke Flight      |       |       |       |       |       |     1 |       |       |    22 ||    23
       Release Delayed F |       |       |       |       |       |       |       |       |     2 ||     2
Evoke: Wand              |       |       |       |    21 |     9 |     4 |     6 |     6 |    30 ||    76
       Box of beasts     |       |       |       |       |     4 |     4 |       |       |       ||     8
       Crystal ball of e |       |       |       |       |       |       |    34 |    43 |   112 ||   189
       Staff of energy   |       |       |       |       |       |       |     5 |    11 |    50 ||    66
       Disc of storms    |       |       |       |       |       |       |       |     2 |     7 ||     9
       Lamp of fire      |       |       |       |       |       |       |       |     1 |     9 ||    10
       Rod               |       |       |       |       |       |       |       |       |     2 ||     2
       Phantom mirror    |       |       |       |       |       |       |       |       |     6 ||     6
       Stone of tremors  |       |       |       |       |       |       |       |       |     5 ||     5
       Horn of Geryon    |       |       |       |       |       |       |       |       |     2 ||     2
       Phial of floods   |       |       |       |       |       |       |       |       |     2 ||     2
       Figurine of a zig |       |       |       |       |       |       |       |       |     1 ||     1
  Use: Scroll            |     3 |     3 |     7 |    17 |    15 |    31 |     9 |    13 |   131 ||   229
       Potion            |     1 |       |     1 |     4 |     7 |    10 |     6 |     5 |   100 ||   134
 Stab: Sleeping          |       |     5 |     7 |     3 |       |    15 |     4 |     1 |    28 ||    63
       Distracted        |       |       |       |     3 |     4 |     7 |     1 |     4 |    82 ||   101
       Confused          |       |       |       |       |     1 |       |       |       |     1 ||     2
       Petrified         |       |       |       |       |       |       |       |       |     2 ||     2
  Eat: Chunk             |     1 |     6 |     5 |    20 |    63 |    27 |     6 |    20 |    62 ||   210
       Bread ration      |     1 |       |       |       |       |     2 |     4 |     3 |    31 ||    41
       Beef jerky        |       |     1 |       |     2 |       |     5 |       |     1 |     5 ||    14
       Meat ration       |       |     1 |     2 |     4 |     7 |     5 |     5 |     2 |    30 ||    56
       Royal jelly       |       |     1 |       |       |     1 |     1 |       |       |    21 ||    24
       Fruit             |       |       |       |    10 |    11 |    32 |     1 |     1 |    23 ||    78
       Pizza             |       |       |       |     1 |       |     3 |     1 |     2 |     4 ||    11
